 Dungeon Crawl Stone Soup version 0.30.0-29-ga12c61a403 (webtiles) character file.

Game seed: 2334708392245226717

331239 qw the Peltast (level 21, -29/144 HPs)
             Began as a Gargoyle Fighter on June 3, 2023.
             Was an Elder of Okawaru.
             Killed from afar by a hellephant (53 damage)
             ... with a blast of flame
             ... on level 2 of the Depths.
             The game lasted 00:26:29 (40604 turns).

qw the Peltast (Gargoyle Fighter)                  Turns: 40604, Time: 00:26:29

Health: -29/144    AC: 55    Str: 35    XL:     21   Next: 76%
Magic:  27/28      EV: 21    Int:  9    God:    Okawaru [****..]
Gold:   272        SH: 24    Dex: 16    Spells: 20/20 levels left

rFire   . . .        H - +8 broad axe of the Harvest {flame, rPois rC+ Int-5 Dex+7}
rCold   + + +        l - +0 tower shield
rNeg    + . .        K - +1 plate armour {rC+}
rPois   inf          g - +2 helmet
rElec   +            G - +1 cloak {rPois}
rCorr   +            b - +3 pair of gloves of the Hurricane {rC- Int+4}
SInv    +            L - +2 pair of boots
Will    +....        o - amulet of regeneration Stlth
                     i - +5 ring of evasion
HPRegen 1.24/turn    F - ring "Jafruiry" {Ice rElec Str+5 SInv}
MPRegen 0.21/turn

%: no passive effects
@: resistant, heroic, flying
A: sickness immunity, AC +16, big wings, negative energy resistance 1,
electricity resistance, torment resistance 1, petrification resistance,
iridescent scales 1
}: 2/15 runes: barnacled, gossamer
a: Renounce Religion, Heroism, Finesse


You were on level 2 of the Depths.
You worshipped Okawaru.
Okawaru was greatly pleased with you.
You visited 8 branches of the dungeon, and saw 37 of its levels.
You also visited: Ossuary and Wizlab.

You collected 4364 gold pieces.
You spent 4092 gold pieces at shops.


Innate Abilities, Weirdness & Mutations

You are immune to sickness and miasma.
Your stone body is resilient. (AC +16)
You are immune to poison.
Your large and strong wings let you fly.
You resist negative energy. (rN+)
You are resistant to electric shocks. (rElec)
You are resistant to unholy torment.
You are immune to petrification.
You are partially covered in iridescent scales. (AC +2)


   Skills:
 - Level 19.0(24.0) Fighting
 - Level 18.0(23.0) Axes
 - Level 10.0(15.0) Throwing
 - Level 18.0(23.0) Armour
 + Level 8.4(13.4) Dodging
 - Level 20.0(25.0) Shields
 - Level 10.0 Invocations


You had 20 spell levels left.
You didn't know any spells.
Your spell library was empty.

Inventory:

Hand Weapons
 H - the +8 broad axe of the Harvest (weapon) {flame, rPois rC+ Int-5 Dex+7}
   (You found it on level 13 of the Dungeon)

   Int:       It affects your intelligence (-5).
   Dex:       It affects your dexterity (+7).
   rC:        It protects you from cold.
   rPois:     It protects you from poison.
Missiles
 f - 41 boomerangs
 n - a boomerang of dispersal
 D - 13 javelins (quivered)
Armour
 b - the +3 pair of gloves of the Hurricane (worn) {rC- Int+4}
   (Okawaru gifted it to you on level 2 of the Spider Nest)

   Int:       It affects your intelligence (+4).
   rC:        It makes you vulnerable to cold.
 g - a +2 helmet (worn)
 l - a +0 tower shield (worn)
 m - the +8 chain mail "Zaamih" {Harm Str+5 Dex-2}
   (You found it on level 3 of the Lair of Beasts)

   Str:       It affects your strength (+5).
   Dex:       It affects your dexterity (-2).
   Harm:      It increases damage dealt and taken.
 q - a +2 pair of gloves
 r - +0 ice dragon scales
 x - +0 pearl dragon scales
 y - +0 acid dragon scales
 A - the +2 hat of the Jackalope {Str+5}
   (You found it on level 2 of the Depths)

   Str:       It affects your strength (+5).
 G - a +1 cloak of poison resistance (worn)
 K - a +1 plate armour of cold resistance (worn)
 L - a +2 pair of boots (worn)
 M - a +0 hat of intelligence
 N - a +1 hat
 P - a +1 hat of intelligence
 Q - a +1 chain mail of cold resistance
Jewellery
 a - a +6 ring of dexterity
 i - a +5 ring of evasion (left hand)
 o - an amulet of regeneration (around neck)
 w - a ring of protection from cold
 B - a ring of protection from cold
 F - the ring "Jafruiry" (right hand) {Ice rElec Str+5 SInv}
   (You bought it in a shop on level 2 of the Orcish Mines)

   [ring of ice]

   It enhances your ice magic.
   Str:       It affects your strength (+5).
   rF:        It makes you vulnerable to fire.
   rC:        It protects you from cold.
   rElec:     It insulates you from electricity.
   SInv:      It lets you see invisible.
 I - a ring of fire
 J - a ring of protection from fire
 Y - a ring of see invisible
Wands
 C - a wand of digging (2)
Scrolls
 c - 7 scrolls of enchant weapon
 k - 20 scrolls of teleportation
 t - 9 scrolls of identify
 O - a scroll of brand weapon
Potions
 d - 8 potions of might
 e - 16 potions of curing
 h - 7 potions of lignification
 j - 13 potions of haste
 p - 6 potions of heal wounds
 s - 6 potions of magic
 u - 8 potions of cancellation
 v - 6 potions of attraction
 z - 8 potions of mutation

Dungeon Overview and Level Annotations

Branches:
Dungeon (15/15)            Temple (1/1) D:4            Lair (5/5) D:11
 Shoals (4/4) Lair:2       Spider (4/4) Lair:3        Slime (0/5) Lair:4
    Orc (2/2) D:11            Elf (0/3) Orc:2        Vaults (4/5) D:14
  Crypt (0/3) Vaults:3     Depths (2/4) D:15        Ossuary (visited)
 WizLab (visited)

Altars:
Ashenzari
Cheibriados
Dithmenos
Elyvilon
Fedhas
Gozag
Hepliaklqana
Kikubaaqudgha
Makhleb
Nemelex Xobeh
Okawaru
Qazlal
Ru
Sif Muna
Trog
Uskayaw
Vehumet
Wu Jian
Xom
Yredelemnul
Zin
The Shining One
Jiyva
Lugonu

Shops:
D:6 (   Orc:1 *   Orc:2 *:**!   Shoals:3 :   Shoals:4 *:   Vaults:3 *
Vaults:4 *   Depths:1 :=[?!   Depths:2 =:=

Portals:
Hell: Depths:1 Depths:2
Abyss: Lair:5 Depths:1
Pandemonium: Depths:2

Annotations:
D:3 1 runed translucent door, Crazy Yiuf
D:11 3 runed translucent doors, Isay's ghost, journeyman MiAK
Spider:1 1 runed translucent door, qw's ghost, adept GrFi


Message History

You gain the combat prowess of a mighty hero.
You block the hellephant's attack. x2
The hellephant gores you but does no damage.
The hellephant completely misses you.
The hellephant bites you but does no damage.
The hellephant gores you but does no damage.
The hellephant tramples you.
You are shoved backwards!
The hell hog bites you but does no damage.
You slash the hellephant! You burn the hellephant.
The hellephant is almost dead.
You hit the hellephant but do no damage.
You slash the hell hog!
The hell hog bites you but does no damage.
You block the hellephant's attack. The hellephant bites you.
The hellephant gores you but does no damage.
The hellephant blinks!
You slash the hell hog!
The hell hog is heavily wounded.
You hit the hellephant but do no damage.
You block the hell hog's attack. The hellephant breathes flames at you.
The blast of flame hits you!!!!
Ouch! That really hurt!
The blast of flame hits the hell hog.
The hell hog completely resists.
The hellephant blinks!
You slice the hell hog!!
The hell hog is almost dead.
You slash the hellephant! You burn the hellephant.
You block the hell hog's attack.
You slash the hell hog!
You kill the hell hog!
Okawaru accepts your kill.
You hit the hellephant but do no damage.
The hellephant blinks! x2
The hellephant blinks!
The hellephant breathes flames at you. The blast of flame hits you!
The hellephant breathes flames at you. The blast of flame hits you!!!
You die...

### #.# #######.# #¤%...#.#
#@###...##########
#¤Y¤.¤###...........
#~...Y.~##.########## ##
#.......##.####### .#
#...\...##.#.....#
.############.¤.....##.#.###.#
............#~..Y.$¤#..#.###.####
............##¤...~##............
).%..........#######..##.#.#.####


You could see 3 hellephants.

Vanquished Creatures
  Jorgrun (Orc:1)
  Zenata (Vaults:2)
  Mlioglotl (Shoals:1)
  A tentacled monstrosity (Vaults:4)
  2 liches
  A titan (Shoals:1)
  A kraken (Shoals:2)
  A sphinx (Vaults:4)
  Agnes (D:14)
  2 tengu reavers
  Donald (Spider:4)
  A frost giant (Depths:2)
  9 vault wardens
  An emperor scorpion (Spider:4)
  A fire giant (Vaults:2)
  5 ghost moths
  3 orc warlords
  4 broodmothers
  13 ironbound preservers
  3 war gargoyles (Vaults:3)
  4 very ugly things
  7 ironbound thunderhulks
  A juggernaut skeleton (Depths:2)
  8 stone giants
  2 spark wasps (Depths:1)
  12 dire elephants
  Azrael (Orc:2)
  Snorg (D:10)
  8 merfolk javelineers
  A green death (Shoals:4)
  4 ettins
  14 yaktaur captains
  10 merfolk impalers
  3 jiangshi (Depths:2)
  10 entropy weavers
  A deep elf high priest (Vaults:3)
  10 great orbs of eyes
  3 fire dragons
  3 rakshasas (Depths:2)
  10 vault guards
  3 hydras
  5 ice dragons
  Erolcha (Orc:1)
  2 radroaches
  3 peacekeepers (Vaults:3)
  A spriggan air mage (Depths:2)
  A catoblepas (Lair:5)
  7 merfolk avatars
  3 ogre magi
  6 ironbound frosthearts
  14 two-headed ogres
  8 merfolk aquamancers
  Erica (D:10)
  9 centaur warriors
  13 boulder beetles
  7 jorogumos
  3 death knights
  A deep troll shaman (Depths:2)
  5 tengu warriors
  A spriggan berserker (Depths:2)
  4 satyrs
  6 hell hogs (Depths:2)
  3 thrashing horrors (Lair:5)
  A vampire mage (Depths:2)
  Urug (Orc:2)
  Sonja (Orc:2)
  3 skysharks
  A skeletal warrior (D:15)
  An iron troll (Depths:1)
  22 sea snakes
  5 pharaoh ants
  3 sun moths
  A flayed ghost (Depths:1)
  12 ironbound convokers
  6 orb spiders
  7 lindwurms
  4 wizards
  31 deep trolls
  A phantasmal warrior (Vaults:2)
  3 deep elf pyromancers
  3 necromancers
  A tengu zombie (Vaults:2)
  14 steelbarb worms
  Pikel (D:8)
  18 harpies
  20 ugly things
  4 orc knights
  16 wolf spiders
  11 fauns
  10 cyclopes
  12 manticores
  An orc sorcerer (Orc:2)
  A fire giant skeleton (Depths:2)
  24 elephants
  5 moths of wrath
  5 merfolk sirens
  20 vault sentinels
  2 naga magi (Depths:2)
  7 water nymphs
  5 black mambas
  A guardian serpent (D:13)
  9 demonic crawlers
  An unseen horror (D:11)
  8 cane toads
  9 torpor snails
  A kobold demonologist (D:13)
  Psyche (D:12)
  6 rime drakes
  35 yaktaurs
  2 freezing wraiths
  10 komodo dragons
  5 tengu conjurers
  An ancient zyme (Lair:5)
  5 efreet
  45 merfolk
  12 trolls
  6 meliai
  9 wind drakes
  3 polar bears
  29 blink frogs
  17 tarantellas
  A sphinx simulacrum (Depths:2)
  A large abomination (Lair:5)
  10 snapping turtles
  9 dream sheep (Lair:5)
  24 slime creatures
  27 jumping spiders
  A fire giant simulacrum (Vaults:2)
  2 shadows
  2 centaur simulacra (D:15)
  2 spriggans (Lair:5)
  19 culicivoras
  19 water elementals
  5 wraiths
  5 wyverns
  29 yaks
  4 ynoxinuls (Lair:5)
  7 basilisks
  2 fire elementals (Orc:2)
  Grum (D:8)
  52 redbacks
  4 vampire mosquitoes (D:14)
  Menkaure (D:7)
  3 chaos spawn
  4 steam dragons
  2 wargs
  2 glowing shapeshifter zombies (Vaults:2)
  4 acid dragons
  A glowing shapeshifter skeleton (Depths:2)
  14 water moccasins
  5 hell hounds (Orc:2)
  11 orc warriors
  2 ice beasts (D:6)
  A black bear (D:11)
  A black bear (shapeshifter) (Lair:5)
  A sky beast (D:8)
  26 ogres
  21 wolves
  6 elf zombies (Ossuary)
  2 centaurs
  2 kobold brigands
  2 gnoll sergeants (D:10)
  8 bullfrogs
  5 scorpions (D:4)
  10 wights
  9 killer bees
  6 howler monkeys
  11 small abominations (Lair:5)
  3 centaur zombies (Ossuary)
  A hound (D:4)
  10 orc priests
  A sleepcap (D:7)
  3 human zombies (Ossuary)
  2 jellies
  7 iguanas
  13 orc wizards
  5 hell rats (Lair:3)
  3 mummies (Ossuary)
  13 gnolls
  7 adders
  2 white imps (D:6)
  2 worms
  3 dart slugs
  49 orcs
  5 endoplasms
  7 giant cockroaches
  8 goblins
  8 hobgoblins
  7 jackals (D:2)
  34 kobolds
  7 quokkas
  10 ball pythons
  6 bats
  3 frilled lizards
  4 tentacles (Shoals:2)
1380 creatures vanquished.

Vanquished Creatures (others)
  A shadow wraith (Vaults:3)
  A faun (Shoals:3)
  A human skeleton (Vaults:2)
  A vampire mosquito (D:14)
  7 tentacles (Shoals:2)
11 creatures vanquished.

Grand Total: 1391 creatures vanquished

Notes
Turn   | Place    | Note
-------+----------+-------------------------------------------
     0 | D:1      | qw the Gargoyle Fighter began the quest for the Orb.
     0 | D:1      | Reached XP level 1. HP: 14/14 MP: 1/1
     0 | D:1      | 0 ||| qw: Version: 0.2-a-103-g5a998e5
     0 | D:1      | 0 ||| qw: Game counter: 1103
     0 | D:1      | 0 ||| qw: Always use a shield: true
     0 | D:1      | 0 ||| qw: God list: Okawaru
     0 | D:1      | 0 ||| qw: Allow faded altars: false
     0 | D:1      | 0 ||| qw: Do Orc after D:15 true
     0 | D:1      | 0 ||| qw: Do second Lair branch before Depths: true
     0 | D:1      | 0 ||| qw: Lair rune preference: random
     0 | D:1      | 0 ||| qw: Plans: Normal, Zot:1-4, Slime:5, God:TSO, Crypt,
                  | Tomb, Pan, Hells, Abyss, Win
     0 | D:1      | 0 ||| PLANNING D:1-11
   135 | D:1      | 135 ||| Stepping ~*~*~tactically~*~*~ (hiding).
   137 | D:1      | 137 ||| Stepping ~*~*~tactically~*~*~ (hiding).
   138 | D:1      | 138 ||| Stepping ~*~*~tactically~*~*~ (hiding).
   140 | D:1      | 140 ||| Stepping ~*~*~tactically~*~*~ (hiding).
   189 | D:1      | Reached XP level 2. HP: 17/19 MP: 2/2
   278 | D:1      | 278 ||| Stepping ~*~*~tactically~*~*~ (stealth).
   612 | D:1      | Found a faded altar of an unknown god.
   619 | D:1      | 619 ||| UPGRADING to +0 helmet.
   624 | D:1      | 624 ||| UPGRADING to +5 ring of evasion.
   625 | D:1      | 625 ||| READING scroll labelled ZENUODGHA DOKOU.
   635 | D:1      | 635 ||| READING scroll labelled GIT RU BANU.
   636 | D:1      | 636 ||| READING scroll labelled PIDOINN SULEV.
   637 | D:1      | 637 ||| READING scroll labelled QUMMAN DEKLEIS.
   638 | D:1      | 638 ||| DRINKING 6 sapphire potions.
   755 | D:2      | Reached skill level 3 in Axes
   771 | D:2      | Reached XP level 3. HP: 23/23 MP: 3/3
  1019 | D:2      | Reached XP level 4. HP: 28/28 MP: 4/4
  1319 | D:2      | 1319 ||| Stepping ~*~*~tactically~*~*~ (stealth).
  1421 | D:2      | 1421 ||| READING scroll labelled JESHRE XIZE.
  1421 | D:2      | Identified a scroll of acquirement
  1421 | D:2      | 1421 ||| ACQUIRING +1 heavy broad axe
  1421 | D:2      | Acquired a +1 heavy broad axe
  1423 | D:2      | 1423 ||| SWAPPING to +1 heavy broad axe.
  1424 | D:2      | 1424 ||| DROPPING +0 war axe.
  1425 | D:2      | 1425 ||| READING scroll labelled GURA RAATZO.
  1426 | D:2      | 1426 ||| READING scroll labelled IREOVU OLUQORR.
  1650 | D:3      | 1650 ||| DROPPING +0 club.
  1889 | D:3      | 1889 ||| READING scroll of enchant weapon.
  1889 | D:3      | 1889 ||| ENCHANTING +2 heavy broad axe.
  2151 | D:3      | Found a runed translucent door.
  2152 | D:3      | Noticed Crazy Yiuf
  2342 | D:3      | 2342 ||| UPGRADING to ring of protection from cold.
  2343 | D:3      | 2343 ||| READING scroll labelled GUPOMO ZEQUE.
  2344 | D:3      | 2344 ||| DRINKING 2 fuming clear potions.
  2413 | D:4      | 2413 ||| Stepping ~*~*~tactically~*~*~ (stealth).
  2414 | D:4      | 2414 ||| Stepping ~*~*~tactically~*~*~ (stealth).
  2415 | D:4      | 2415 ||| Stepping ~*~*~tactically~*~*~ (stealth).
  2416 | D:4      | 2416 ||| Stepping ~*~*~tactically~*~*~ (stealth).
  2419 | D:4      | Reached XP level 5. HP: 32/32 MP: 5/5
  2634 | D:4      | Noticed a steam dragon
  2635 | D:4      | 2635 ||| Stepping ~*~*~tactically~*~*~ (hiding).
  2642 | D:4      | HP: 5/32 [steam dragon/ball of steam (12)]
  2643 | D:4      | Killed a steam dragon
  2644 | D:4      | Reached XP level 6. HP: 7/37 MP: 6/6
  2811 | D:4      | Identified the +1 ring mail of Levity {rPois}
  2899 | D:4      | Reached skill level 1 in Throwing
  3021 | D:4      | 3021 ||| READING scroll of enchant weapon.
  3021 | D:4      | 3021 ||| ENCHANTING +3 heavy broad axe.
  3042 | D:4      | Reached skill level 1 in Dodging
  3059 | D:4      | Reached skill level 6 in Axes
  3059 | D:4      | Reached XP level 7. HP: 41/44 MP: 7/7
  3098 | D:4      | 3098 ||| DROPPING +0 flail.
  3173 | D:4      | 3173 ||| Stepping ~*~*~tactically~*~*~ (stealth).
  3272 | D:4      | Found a staircase to the Ecumenical Temple.
  3273 | D:4      | 3273 ||| PLANNING TEMPLE
  3273 | D:4      | 3273 ||| DROPPING +1 ring mail of Levity {rPois}.
  3274 | D:4      | 3274 ||| UPGRADING to +0 chain mail.
  3284 | D:4      | 3284 ||| DROPPING +0 scale mail.
  3285 | D:4      | 3285 ||| DROPPING +6 ring of intelligence.
  3286 | D:4      | 3286 ||| READING scroll labelled KOT HUUSOINKEM.
  3321 | Temple   | Entered the Ecumenical Temple
  3342 | Temple   | 3342 ||| PLANNING OKAWARU WORSHIP
  3422 | Temple   | Became a worshipper of Warmaster Okawaru
  3422 | Temple   | 3422 ||| PLANNING D:1-11
  3662 | D:4      | 3662 ||| READING scroll labelled URYUJA SETAUT.
  3694 | D:5      | Entered Level 5 of the Dungeon
  3743 | D:5      | Found an opulent altar of Gozag.
  3759 | D:5      | Found a sacrificial altar of Ru.
  3763 | D:5      | Found a hide-covered altar of Uskayaw.
  3765 | D:5      | Found a burning altar of Makhleb.
  3908 | D:5      | Reached XP level 8. HP: 21/50 MP: 8/8
  4061 | D:5      | Identified the +10 dagger "Bixeajiw" {freeze, Will+ Stlth+}
  4072 | D:5      | 4072 ||| DROPPING +2 flail of protection.
  4150 | D:5      | 4150 ||| Stepping ~*~*~tactically~*~*~ (stealth).
  4151 | D:5      | 4151 ||| Stepping ~*~*~tactically~*~*~ (stealth).
  4155 | D:5      | 4155 ||| Stepping ~*~*~tactically~*~*~ (stealth).
  4156 | D:5      | 4156 ||| Stepping ~*~*~tactically~*~*~ (stealth).
  4160 | D:5      | 4160 ||| Stepping ~*~*~tactically~*~*~ (hiding).
  4161 | D:5      | 4161 ||| Stepping ~*~*~tactically~*~*~ (hiding).
  4274 | D:5      | Identified the +10 long sword "Ox" {antimagic, rN+ Int+3}
  4300 | D:5      | 4300 ||| READING scroll of enchant weapon.
  4300 | D:5      | 4300 ||| ENCHANTING +4 heavy broad axe.
  4413 | D:5      | Found a shimmering altar of Xom.
  4413 | D:5      | Found a white marble altar of Elyvilon.
  4624 | D:5      | 4624 ||| UPGRADING to ring of see invisible.
  4626 | D:5      | 4626 ||| DROPPING ring of flight.
  4627 | D:5      | 4627 ||| READING scroll labelled IMOLEO KEMPIOSO.
  4628 | D:5      | 4628 ||| READING scroll labelled JYICUI QUAPRIRAKIS.
  4629 | D:5      | 4629 ||| READING scroll labelled RIYMNU DIFILA.
  4630 | D:5      | 4630 ||| DRINKING 3 amethyst potions.
  4631 | D:5      | 4631 ||| DRINKING 2 murky black potions.
  4632 | D:5      | 4632 ||| READING 2 scrolls of identify.
  4632 | D:5      | 4632 ||| IDENTIFYING fizzy cyan potion
  4633 | D:5      | 4633 ||| DROPPING potion of degeneration.
  4634 | D:5      | 4634 ||| DROPPING 2 potions of brilliance.
  4671 | D:6      | Reached * piety under Okawaru
  4672 | D:6      | Reached skill level 6 in Fighting
  4672 | D:6      | 4672 ||| INVOKING Heroism.
  4673 | D:6      | 4673 ||| INVOKING Heroism.
  4677 | D:6      | 4677 ||| FLEEEEING.
  4678 | D:6      | 4678 ||| FLEEEEING.
  4679 | D:6      | 4679 ||| FLEEEEING.
  4680 | D:6      | 4680 ||| FLEEEEING.
  4681 | D:6      | 4681 ||| FLEEEEING.
  4682 | D:6      | 4682 ||| FLEEEEING.
  4683 | D:6      | 4683 ||| FLEEEEING.
  4684 | D:6      | 4684 ||| STAIRDANCE
  4937 | D:6      | 4937 ||| INVOKING Heroism.
  5004 | D:6      | 5004 ||| Stepping ~*~*~tactically~*~*~ (hiding).
  5011 | D:6      | 5011 ||| DRINKING 7 potions of curing.
  5011 | D:6      | 5011 ||| (to cure confusion)
  5014 | D:6      | Reached skill level 9 in Axes
  5014 | D:6      | Reached XP level 9. HP: 45/55 MP: 9/9
  5014 | D:6      | 5014 ||| INVOKING Heroism.
  5019 | D:6      | Reached skill level 1 in Invocations
  5019 | D:6      | Found Poeptif's Antique Weapon Boutique.
  5057 | D:6      | 5057 ||| UPGRADING to +0 plate armour.
  5067 | D:6      | 5067 ||| DROPPING +0 chain mail.
  5231 | D:6      | 5231 ||| Stepping ~*~*~tactically~*~*~ (hiding).
  5289 | D:6      | 5289 ||| Stepping ~*~*~tactically~*~*~ (stealth).
  5291 | D:6      | 5291 ||| Stepping ~*~*~tactically~*~*~ (stealth).
  5537 | D:6      | 5537 ||| INVOKING Heroism.
  5586 | D:6      | 5586 ||| UPGRADING to amulet of regeneration.
  5694 | D:7      | Noticed Menkaure
  5695 | D:7      | 5695 ||| INVOKING Heroism.
  5699 | D:7      | Killed Menkaure
  5700 | D:7      | Reached skill level 3 in Invocations
  5720 | D:7      | 5720 ||| Stepping ~*~*~tactically~*~*~ (stealth).
  5728 | D:7      | Reached skill level 4 in Shields
  5731 | D:7      | Reached ** piety under Okawaru
  5874 | D:7      | 5874 ||| Stepping ~*~*~tactically~*~*~ (stealth).
  5912 | D:7      | Found a snail-covered altar of Cheibriados.
  5963 | D:7      | 5963 ||| Stepping ~*~*~tactically~*~*~ (stealth).
  6003 | D:7      | 6003 ||| Stepping ~*~*~tactically~*~*~ (hiding).
  6138 | D:7      | 6138 ||| UPGRADING to +0 pair of gloves.
  6159 | D:8      | 6159 ||| PLANNING OSSUARY
  6160 | D:8      | Reached skill level 6 in Armour
  6160 | D:8      | Reached XP level 10. HP: 63/63 MP: 13/13
  6201 | D:8      | 6201 ||| Stepping ~*~*~tactically~*~*~ (hiding).
  6262 | D:8      | 6262 ||| Stepping ~*~*~tactically~*~*~ (stealth).
  6297 | D:8      | Found a sand-covered staircase.
  6303 | Ossuary  | Entered an ossuary
  6311 | Ossuary  | 6311 ||| Stepping ~*~*~tactically~*~*~ (stealth).
  6312 | Ossuary  | 6312 ||| Stepping ~*~*~tactically~*~*~ (stealth).
  6313 | Ossuary  | 6313 ||| Stepping ~*~*~tactically~*~*~ (stealth).
  6460 | Ossuary  | Reached *** piety under Okawaru
  6472 | Ossuary  | 6472 ||| DRINKING 3 glowing purple potions.
  6496 | Ossuary  | 6496 ||| DRINKING 2 clear potions.
  6496 | Ossuary  | Gained mutation: You are partially covered in iridescent
                  | scales. (AC +2) [potion of mutation]
  6508 | D:8      | 6508 ||| PLANNING D:1-11
  6509 | D:8      | 6509 ||| Stepping ~*~*~tactically~*~*~ (stealth).
  6517 | D:8      | Noticed Grum
  6518 | D:8      | 6518 ||| INVOKING Heroism.
  6522 | D:8      | Killed Grum
  6523 | D:8      | Reached skill level 3 in Throwing
  6725 | D:8      | Noticed Pikel
  6733 | D:8      | Killed Pikel
  6964 | D:8      | 6964 ||| Stepping ~*~*~tactically~*~*~ (stealth).
  6965 | D:8      | 6965 ||| Stepping ~*~*~tactically~*~*~ (stealth).
  6966 | D:8      | 6966 ||| Stepping ~*~*~tactically~*~*~ (stealth).
  6993 | D:8      | Reached skill level 5 in Shields
  7038 | D:8      | Found an ancient bone altar of Kikubaaqudgha.
  7038 | D:8      | Found a blossoming altar of Fedhas.
  7335 | D:8      | 7335 ||| READING 2 scrolls of identify.
  7335 | D:8      | 7335 ||| IDENTIFYING red potion
  7336 | D:8      | 7336 ||| DROPPING potion of ambrosia.
  7395 | D:9      | 7395 ||| INVOKING Heroism.
  7443 | D:9      | 7443 ||| Stepping ~*~*~tactically~*~*~ (hiding).
  7444 | D:9      | 7444 ||| Stepping ~*~*~tactically~*~*~ (hiding).
  7445 | D:9      | 7445 ||| Stepping ~*~*~tactically~*~*~ (hiding).
  7446 | D:9      | 7446 ||| Stepping ~*~*~tactically~*~*~ (hiding).
  7447 | D:9      | 7447 ||| Stepping ~*~*~tactically~*~*~ (hiding).
  7633 | D:9      | 7633 ||| Stepping ~*~*~tactically~*~*~ (hiding).
  7639 | D:9      | 7639 ||| INVOKING Heroism.
  7641 | D:9      | 7641 ||| Stepping ~*~*~tactically~*~*~ (cloud).
  7642 | D:9      | 7642 ||| Stepping ~*~*~tactically~*~*~ (cloud).
  7643 | D:9      | Noticed a deep elf pyromancer
  7649 | D:9      | Killed a deep elf pyromancer
  7649 | D:9      | Reached **** piety under Okawaru
  7649 | D:9      | Received a gift from Okawaru
  7738 | D:9      | Reached XP level 11. HP: 66/68 MP: 14/14
  7745 | D:9      | 7745 ||| Stepping ~*~*~tactically~*~*~ (stealth).
  7747 | D:9      | 7747 ||| Stepping ~*~*~tactically~*~*~ (stealth).
  7750 | D:9      | 7750 ||| INVOKING Heroism.
  7761 | D:9      | 7761 ||| DRINKING 9 potions of curing.
  7761 | D:9      | 7761 ||| (to cure confusion)
  7763 | D:9      | 7763 ||| DRINKING 8 potions of curing.
  7763 | D:9      | 7763 ||| (to cure confusion)
  8060 | D:9      | 8060 ||| DROPPING ring of magical power.
  8061 | D:9      | 8061 ||| READING scroll labelled EGOILAIDYV.
  8062 | D:9      | 8062 ||| READING 2 scrolls of identify.
  8062 | D:9      | 8062 ||| IDENTIFYING lumpy amethyst potion
  8063 | D:9      | 8063 ||| DROPPING potion of invisibility.
  8135 | D:10     | Entered Level 10 of the Dungeon
  8195 | D:10     | Reached skill level 9 in Fighting
  8218 | D:10     | Identified the +7 hand axe "Toategh" {heavy, rF+}
  8246 | D:10     | 8246 ||| INVOKING Heroism.
  8434 | D:10     | 8434 ||| READING scroll of enchant weapon.
  8434 | D:10     | 8434 ||| ENCHANTING +5 heavy broad axe.
  8469 | D:10     | Found a broken altar of Ashenzari.
  8492 | D:10     | Found a sparkling altar of Nemelex Xobeh.
  8541 | D:10     | Noticed a two-headed ogre
  8542 | D:10     | 8542 ||| INVOKING Heroism.
  8547 | D:10     | Killed a two-headed ogre
  8575 | D:10     | Found a glowing silver altar of Zin.
  8663 | D:10     | Noticed Snorg
  8664 | D:10     | 8664 ||| INVOKING Heroism.
  8671 | D:10     | Killed Snorg
  8894 | D:10     | Noticed Erica
  8895 | D:10     | 8895 ||| INVOKING Heroism.
  8901 | D:10     | Killed Erica
  8912 | D:10     | 8912 ||| DRINKING 3 fizzy brown potions.
  8913 | D:10     | 8913 ||| READING 2 scrolls of identify.
  8913 | D:10     | 8913 ||| IDENTIFYING bubbling brown potion
  8914 | D:10     | 8914 ||| DROPPING 2 potions of flight.
  8952 | D:11     | 8952 ||| INVOKING Heroism.
  9057 | D:11     | 9057 ||| Stepping ~*~*~tactically~*~*~ (hiding).
  9301 | D:11     | Found a staircase to the Orcish Mines.
  9313 | D:11     | Noticed a brown ugly thing
  9319 | D:11     | Killed a brown ugly thing
  9530 | D:11     | 9530 ||| Stepping ~*~*~tactically~*~*~ (hiding).
  9532 | D:11     | 9532 ||| Stepping ~*~*~tactically~*~*~ (hiding).
  9539 | D:11     | Reached skill level 6 in Invocations
  9548 | D:11     | Found a staircase to the Lair.
  9557 | D:11     | Reached ***** piety under Okawaru
  9571 | D:11     | Found a runed translucent gate.
  9572 | D:11     | Found a runed translucent gate.
  9573 | D:11     | Found a runed translucent gate.
  9575 | D:11     | Noticed Isay's ghost (journeyman MiAK)
  9576 | D:11     | Noticed a manticore
  9577 | D:11     | 9577 ||| Stepping ~*~*~tactically~*~*~ (stealth).
  9578 | D:11     | 9578 ||| INVOKING Heroism.
  9588 | D:11     | Killed a manticore
  9623 | D:11     | Reached skill level 12 in Axes
  9625 | D:11     | Noticed a two-headed ogre
  9626 | D:11     | 9626 ||| Stepping ~*~*~tactically~*~*~ (hiding).
  9632 | D:11     | 9632 ||| INVOKING Heroism.
  9636 | D:11     | Killed a two-headed ogre
  9651 | D:11     | 9651 ||| DRINKING 8 potions of curing.
  9651 | D:11     | 9651 ||| (to cure confusion)
  9652 | D:11     | 9652 ||| DRINKING 7 potions of curing.
  9652 | D:11     | 9652 ||| (to cure confusion)
  9715 | D:11     | Identified the +2 leather armour "Tichist" {Harm *Corrode
                  | Str+4 Int+7}
 10084 | D:11     | 10084 ||| PLANNING LAIR
 10084 | D:11     | 10084 ||| READING 2 scrolls of identify.
 10084 | D:11     | 10084 ||| IDENTIFYING inky potion
 10099 | D:11     | 10099 ||| INVOKING Heroism.
 10147 | Lair:1   | Entered Level 1 of the Lair of Beasts
 10151 | Lair:1   | 10151 ||| STAIRDANCE
 10243 | Lair:1   | 10243 ||| INVOKING Heroism.
 10248 | Lair:1   | Reached XP level 12. HP: 76/76 MP: 14/17
 10287 | Lair:1   | 10287 ||| INVOKING Heroism.
 10291 | Lair:1   | Reached skill level 6 in Shields
 10458 | Lair:1   | 10458 ||| READING scroll of enchant weapon.
 10458 | Lair:1   | 10458 ||| ENCHANTING +6 heavy broad axe.
 11102 | Lair:1   | 11102 ||| READING 3 scrolls of identify.
 11102 | Lair:1   | 11102 ||| IDENTIFYING glowing coppery potion
 11103 | Lair:1   | 11103 ||| DROPPING potion of berserk rage.
 11173 | Lair:2   | 11173 ||| Stepping ~*~*~tactically~*~*~ (stealth).
 11179 | Lair:2   | Identified the +5 ring mail of Protective Custody {rPois
                  | rF+ Int+6} (Okawaru gifted it to you on level 2 of the Lair
                  | of Beasts)
 11179 | Lair:2   | Received a gift from Okawaru
 11181 | Lair:2   | 11181 ||| INVOKING Heroism.
 11367 | Lair:2   | Found a staircase to the Shoals.
 11372 | Lair:2   | Reached skill level 9 in Invocations
 11446 | Lair:2   | Reached skill level 9 in Armour
 11916 | Lair:2   | 11916 ||| UPGRADING to +0 pair of boots.
 11921 | Lair:2   | 11921 ||| READING scroll labelled ASOMUDDUOPT.
 12008 | Lair:3   | 12008 ||| Stepping ~*~*~tactically~*~*~ (stealth).
 12010 | Lair:3   | 12010 ||| Stepping ~*~*~tactically~*~*~ (stealth).
 12017 | Lair:3   | 12017 ||| INVOKING Heroism.
 12074 | Lair:3   | Identified the +8 chain mail "Zaamih" {Harm Str+5 Dex-2}
 12169 | Lair:3   | Noticed a skyshark
 12173 | Lair:3   | Killed a skyshark
 12176 | Lair:3   | 12176 ||| Stepping ~*~*~tactically~*~*~ (stealth).
 12178 | Lair:3   | 12178 ||| INVOKING Heroism.
 12198 | Lair:3   | 12198 ||| INVOKING Heroism.
 12258 | Lair:3   | 12258 ||| Stepping ~*~*~tactically~*~*~ (stealth).
 12263 | Lair:3   | 12263 ||| INVOKING Heroism.
 12267 | Lair:3   | Reached XP level 13. HP: 81/82 MP: 17/20
 12302 | Lair:3   | 12302 ||| Stepping ~*~*~tactically~*~*~ (stealth).
 12303 | Lair:3   | 12303 ||| Stepping ~*~*~tactically~*~*~ (stealth).
 12304 | Lair:3   | 12304 ||| Stepping ~*~*~tactically~*~*~ (stealth).
 12305 | Lair:3   | 12305 ||| INVOKING Heroism.
 12342 | Lair:3   | 12342 ||| INVOKING Heroism.
 12696 | Lair:3   | Found a hole to the Spider Nest.
 12768 | Lair:4   | 12768 ||| INVOKING Heroism.
 13032 | Lair:4   | 13032 ||| INVOKING Heroism.
 13224 | Lair:4   | 13224 ||| INVOKING Heroism.
 13291 | Lair:4   | 13291 ||| INVOKING Heroism.
 13292 | Lair:4   | 13292 ||| INVOKING Finesse.
 13293 | Lair:4   | 13293 ||| Stepping ~*~*~tactically~*~*~ (stealth).
 13297 | Lair:4   | 13297 ||| SWAPPING to -3 morningstar of draining.
 13308 | Lair:4   | 13308 ||| SWAPPING to +7 heavy broad axe.
 13355 | Lair:4   | 13355 ||| Stepping ~*~*~tactically~*~*~ (stealth).
 13359 | Lair:4   | 13359 ||| Stepping ~*~*~tactically~*~*~ (stealth).
 13439 | Lair:4   | 13439 ||| Stepping ~*~*~tactically~*~*~ (stealth).
 13465 | Lair:4   | Found a viscous altar of Jiyva.
 13465 | Lair:4   | Found a staircase to the Slime Pits.
 13659 | Lair:4   | 13659 ||| READING 3 scrolls of identify.
 13659 | Lair:4   | 13659 ||| IDENTIFYING fizzy ruby potion
 13676 | Lair:5   | Entered Level 5 of the Lair of Beasts
 13722 | Lair:5   | 13722 ||| Stepping ~*~*~tactically~*~*~ (stealth).
 13729 | Lair:5   | 13729 ||| INVOKING Heroism.
 13730 | Lair:5   | Received a gift from Okawaru
 13736 | Lair:5   | Reached skill level 7 in Shields
 13736 | Lair:5   | 13736 ||| Stepping ~*~*~tactically~*~*~ (hiding).
 13737 | Lair:5   | 13737 ||| Stepping ~*~*~tactically~*~*~ (hiding).
 13767 | Lair:5   | 13767 ||| INVOKING Heroism.
 13781 | Lair:5   | 13781 ||| Stepping ~*~*~tactically~*~*~ (stealth).
 13782 | Lair:5   | 13782 ||| Stepping ~*~*~tactically~*~*~ (stealth).
 13858 | Lair:5   | 13858 ||| Stepping ~*~*~tactically~*~*~ (stealth).
 13898 | Lair:5   | 13898 ||| INVOKING Heroism.
 13900 | Lair:5   | 13900 ||| Stepping ~*~*~tactically~*~*~ (stealth).
 13912 | Lair:5   | 13912 ||| Stepping ~*~*~tactically~*~*~ (hiding).
 14022 | Lair:5   | 14022 ||| INVOKING Heroism.
 14026 | Lair:5   | 14026 ||| INVOKING Finesse.
 14034 | Lair:5   | Gained mutation: Your large and strong wings let you fly.
                  | [Gargoyle growth]
 14034 | Lair:5   | Reached XP level 14. HP: 79/90 MP: 14/21
 14051 | Lair:5   | 14051 ||| Stepping ~*~*~tactically~*~*~ (stealth).
 14074 | Lair:5   | Reached skill level 15 in Axes
 14101 | Lair:5   | Received a gift from Okawaru
 14126 | Lair:5   | 14126 ||| Stepping ~*~*~tactically~*~*~ (stealth).
 14131 | Lair:5   | 14131 ||| Stepping ~*~*~tactically~*~*~ (stealth).
 14152 | Lair:5   | 14152 ||| Stepping ~*~*~tactically~*~*~ (stealth).
 14154 | Lair:5   | 14154 ||| Stepping ~*~*~tactically~*~*~ (stealth).
 14195 | Lair:5   | 14195 ||| READING scroll of enchant armour.
 14195 | Lair:5   | 14195 ||| ENCHANTING +0 pair of gloves.
 14324 | Lair:5   | Found a frozen archway.
 14346 | Lair:5   | Received a gift from Okawaru
 14389 | Lair:5   | 14389 ||| Stepping ~*~*~tactically~*~*~ (stealth).
 14402 | Lair:5   | 14402 ||| Stepping ~*~*~tactically~*~*~ (stealth).
 14404 | Lair:5   | 14404 ||| Stepping ~*~*~tactically~*~*~ (stealth).
 14406 | Lair:5   | 14406 ||| Stepping ~*~*~tactically~*~*~ (stealth).
 14588 | Lair:5   | 14588 ||| INVOKING Heroism.
 14589 | Lair:5   | 14589 ||| INVOKING Finesse.
 14807 | Lair:5   | 14807 ||| Stepping ~*~*~tactically~*~*~ (stealth).
 14808 | Lair:5   | 14808 ||| Stepping ~*~*~tactically~*~*~ (stealth).
 14820 | Lair:5   | 14820 ||| Stepping ~*~*~tactically~*~*~ (hiding).
 14972 | Lair:5   | Reached skill level 12 in Fighting
 14983 | Lair:5   | Received a gift from Okawaru
 15057 | Lair:5   | Identified the +2 falchion "Ogeleigetsa" {flame, *Slow
                  | Int+2 Dex+6}
 15094 | Lair:5   | 15094 ||| Stepping ~*~*~tactically~*~*~ (stealth).
 15104 | Lair:5   | 15104 ||| Stepping ~*~*~tactically~*~*~ (stealth).
 15118 | Lair:5   | Identified the +1 war axe of Okawaru, Shimmering {venom,
                  | Int-2 Dex+6} (Okawaru gifted it to you on level 5 of the
                  | Lair of Beasts)
 15118 | Lair:5   | Received a gift from Okawaru
 15140 | Lair:5   | 15140 ||| Stepping ~*~*~tactically~*~*~ (stealth).
 15155 | Lair:5   | Reached skill level 6 in Throwing
 15185 | Lair:5   | Found a corrupted altar of Lugonu.
 15185 | Lair:5   | Found a one-way gate to the infinite horrors of the Abyss.
 15286 | Lair:5   | Identified the staff of fire "Nurukk" {rF+ Int+3}
 15373 | Lair:5   | 15373 ||| PLANNING D
 15592 | D:12     | 15592 ||| INVOKING Heroism.
 15593 | D:12     | 15593 ||| INVOKING Finesse.
 15731 | D:12     | 15731 ||| INVOKING Heroism.
 15732 | D:12     | 15732 ||| INVOKING Finesse.
 15864 | D:12     | Noticed Psyche
 15871 | D:12     | Killed Psyche
 16013 | D:12     | 16013 ||| READING 6 scrolls of identify.
 16013 | D:12     | 16013 ||| IDENTIFYING bubbling red potion
 16122 | D:13     | 16122 ||| INVOKING Heroism.
 16123 | D:13     | 16123 ||| INVOKING Finesse.
 16225 | D:13     | 16225 ||| Stepping ~*~*~tactically~*~*~ (hiding).
 16226 | D:13     | 16226 ||| Stepping ~*~*~tactically~*~*~ (hiding).
 16229 | D:13     | Received a gift from Okawaru
 16265 | D:13     | 16265 ||| Stepping ~*~*~tactically~*~*~ (hiding).
 16267 | D:13     | 16267 ||| Stepping ~*~*~tactically~*~*~ (hiding).
 16294 | D:13     | 16294 ||| Stepping ~*~*~tactically~*~*~ (stealth).
 16295 | D:13     | 16295 ||| Stepping ~*~*~tactically~*~*~ (stealth).
 16345 | D:13     | Reached skill level 8 in Shields
 16398 | D:13     | 16398 ||| Stepping ~*~*~tactically~*~*~ (stealth).
 16399 | D:13     | 16399 ||| Stepping ~*~*~tactically~*~*~ (stealth).
 16425 | D:13     | 16425 ||| Stepping ~*~*~tactically~*~*~ (hiding).
 16426 | D:13     | 16426 ||| Stepping ~*~*~tactically~*~*~ (hiding).
 16431 | D:13     | 16431 ||| INVOKING Heroism.
 16432 | D:13     | 16432 ||| SWAPPING to -3 morningstar of draining.
 16438 | D:13     | 16438 ||| SWAPPING to +7 heavy broad axe.
 16443 | D:13     | Reached skill level 3 in Dodging
 16443 | D:13     | Reached XP level 15. HP: 95/96 MP: 20/22
 16480 | D:13     | Identified the +1 robe of Intercession {rElec Str+3}
 16588 | D:13     | Identified the +8 broad axe of the Harvest {flame, rPois
                  | rC+ Int-5 Dex+7}
 16590 | D:13     | 16590 ||| SWAPPING to +8 broad axe of the Harvest {flame,
                  | rPois rC+ Int-5 Dex+7}.
 16591 | D:13     | 16591 ||| DROPPING -3 morningstar of draining.
 16592 | D:13     | 16592 ||| DROPPING +7 heavy broad axe.
 16869 | D:13     | 16869 ||| UPGRADING to +0 buckler of positive energy.
 16879 | D:13     | 16879 ||| DROPPING +0 buckler.
 16880 | D:13     | 16880 ||| READING scroll labelled YTSUUBRAMEI.
 17027 | D:14     | 17027 ||| Stepping ~*~*~tactically~*~*~ (hiding).
 17032 | D:14     | 17032 ||| INVOKING Heroism.
 17039 | D:14     | Received a gift from Okawaru
 17102 | D:14     | 17102 ||| Stepping ~*~*~tactically~*~*~ (stealth).
 17246 | D:14     | Found a gate to the Vaults.
 17247 | D:14     | 17247 ||| INVOKING Heroism.
 17257 | D:14     | Reached skill level 12 in Armour
 17263 | D:14     | HP: 24/96 [vault guard/+0 long sword (12)]
 17264 | D:14     | 17264 ||| READING 10 scrolls of teleportation.
 17268 | D:14     | 17268 ||| DRINKING 2 potions of heal wounds.
 17307 | D:14     | 17307 ||| Stepping ~*~*~tactically~*~*~ (stealth).
 17313 | D:14     | 17313 ||| Stepping ~*~*~tactically~*~*~ (stealth).
 17326 | D:14     | 17326 ||| INVOKING Heroism.
 17393 | D:14     | 17393 ||| INVOKING Heroism.
 17526 | D:14     | 17526 ||| Stepping ~*~*~tactically~*~*~ (hiding).
 17536 | D:14     | 17536 ||| Stepping ~*~*~tactically~*~*~ (cloud).
 17632 | D:14     | Noticed Agnes
 17634 | D:14     | 17634 ||| INVOKING Heroism.
 17635 | D:14     | 17635 ||| INVOKING Finesse.
 17642 | D:14     | Killed Agnes
 17858 | D:14     | 17858 ||| INVOKING Heroism.
 18102 | D:14     | 18102 ||| UPGRADING to +2 kite shield.
 18112 | D:14     | 18112 ||| DROPPING +0 kite shield.
 18113 | D:14     | 18113 ||| DROPPING +0 buckler of positive energy.
 18114 | D:14     | 18114 ||| READING scroll labelled VUMAER RUSA.
 18128 | D:15     | Entered Level 15 of the Dungeon
 18134 | D:15     | 18134 ||| Stepping ~*~*~tactically~*~*~ (hiding).
 18151 | D:15     | Found a staircase to the Depths.
 18152 | D:15     | 18152 ||| INVOKING Heroism.
 18154 | D:15     | 18154 ||| Stepping ~*~*~tactically~*~*~ (hiding).
 18332 | D:15     | Received a gift from Okawaru
 18341 | D:15     | Reached skill level 9 in Shields
 18438 | D:15     | Identified the +1 rapier of Conscience {heavy, Str+6}
 18465 | D:15     | 18465 ||| Stepping ~*~*~tactically~*~*~ (stealth).
 18470 | D:15     | 18470 ||| INVOKING Heroism.
 18608 | D:15     | Reached skill level 10 in Shields
 19218 | D:15     | 19218 ||| PLANNING ORC
 19357 | Orc:1    | Entered Level 1 of the Orcish Mines
 19358 | Orc:1    | Noticed Jorgrun
 19359 | Orc:1    | 19359 ||| INVOKING Heroism.
 19360 | Orc:1    | 19360 ||| INVOKING Finesse.
 19380 | Orc:1    | Killed Jorgrun
 19564 | Orc:1    | Found Maabuclopo's General Store.
 19577 | Orc:1    | 19577 ||| INVOKING Heroism.
 19860 | Orc:2    | Entered Level 2 of the Orcish Mines
 19860 | Orc:2    | Found Upeunor's Distillery.
 19869 | Orc:1    | 19869 ||| Stepping ~*~*~tactically~*~*~ (hiding).
 19959 | Orc:2    | Noticed Urug
 19960 | Orc:2    | 19960 ||| INVOKING Heroism.
 19975 | Orc:2    | Reached skill level 11 in Shields
 19975 | Orc:2    | Killed Urug
 19999 | Orc:2    | Reached XP level 16. HP: 91/101 MP: 23/23
 20001 | Orc:2    | Reached skill level 12 in Shields
 20023 | Orc:2    | Found Figezexkif's Assorted Antiques.
 20024 | Orc:2    | 20024 ||| INVOKING Heroism.
 20026 | Orc:2    | Noticed Azrael
 20027 | Orc:2    | 20027 ||| INVOKING Finesse.
 20056 | Orc:2    | Killed Azrael
 20057 | Orc:2    | Found Docasoxe's General Store.
 20066 | Orc:2    | Reached skill level 13 in Shields
 20114 | Orc:2    | 20114 ||| BUYING potion of attraction (45 gold).
 20114 | Orc:2    | Bought a potion of attraction for 45 gold pieces
 20114 | Orc:2    | 20114 ||| BUYING potion of cancellation (120 gold).
 20114 | Orc:2    | Bought a potion of cancellation for 120 gold pieces
 20114 | Orc:2    | 20114 ||| BUYING potion of curing (45 gold).
 20114 | Orc:2    | Bought a potion of curing for 45 gold pieces
 20114 | Orc:2    | 20114 ||| BUYING potion of might (60 gold).
 20114 | Orc:2    | Bought a potion of might for 60 gold pieces
 20127 | Orc:1    | Noticed Erolcha
 20134 | Orc:1    | Killed Erolcha
 20190 | Orc:2    | Found a staircase to the Elven Halls.
 20241 | Orc:2    | 20241 ||| INVOKING Heroism.
 20375 | Orc:2    | Found Usunug's Book Shoppe.
 20378 | Orc:2    | 20378 ||| BUYING bound platinum ring (170 gold).
 20378 | Orc:2    | Bought a bound platinum ring for 170 gold pieces
 20378 | Orc:2    | Identified the ring "Jafruiry" {Ice rElec Str+5 SInv} (You
                  | bought it in a shop on level 2 of the Orcish Mines)
 20378 | Orc:2    | 20378 ||| BUYING potion of attraction (102 gold).
 20378 | Orc:2    | Bought a potion of attraction for 102 gold pieces
 20383 | Orc:2    | 20383 ||| BUYING scroll of teleportation (45 gold).
 20383 | Orc:2    | Bought a scroll of teleportation for 45 gold pieces
 20385 | Orc:2    | Found Abiwayng's Assorted Antiques.
 20397 | Orc:2    | 20397 ||| BUYING 2 potions of might (280 gold).
 20397 | Orc:2    | Bought 2 potions of might for 280 gold pieces
 20397 | Orc:2    | 20397 ||| BUYING embroidered cloak (262 gold).
 20397 | Orc:2    | Bought an embroidered cloak for 262 gold pieces
 20397 | Orc:2    | 20397 ||| BUYING potion of curing (105 gold).
 20397 | Orc:2    | Bought a potion of curing for 105 gold pieces
 20397 | Orc:2    | 20397 ||| BUYING potion of might (140 gold).
 20397 | Orc:2    | Bought a potion of might for 140 gold pieces
 20397 | Orc:2    | 20397 ||| BUYING ring of fire (875 gold).
 20397 | Orc:2    | Bought a ring of fire for 875 gold pieces
 20397 | Orc:2    | 20397 ||| SHOPLISTING scroll of enchant weapon (262 gold,
                  | have 258).
 20405 | Orc:2    | Noticed Sonja
 20406 | Orc:2    | 20406 ||| INVOKING Finesse.
 20410 | Orc:2    | Killed Sonja
 20411 | Orc:2    | Received a gift from Okawaru
 20468 | Orc:2    | 20468 ||| Stepping ~*~*~tactically~*~*~ (hiding).
 20851 | Orc:2    | 20851 ||| PLANNING SHOALS:1-3
 20851 | Orc:2    | 20851 ||| UPGRADING to +1 cloak of poison resistance.
 20856 | Orc:2    | 20856 ||| UPGRADING to +1 plate armour of cold resistance.
 20866 | Orc:2    | 20866 ||| DROPPING +0 plate armour.
 20867 | Orc:2    | 20867 ||| UPGRADING to ring "Jafruiry" {Ice rElec Str+5
                  | SInv}.
 21051 | Shoals:1 | Entered Level 1 of the Shoals
 21210 | Shoals:1 | 21210 ||| INVOKING Heroism.
 21299 | Shoals:1 | 21299 ||| Stepping ~*~*~tactically~*~*~ (stealth).
 21301 | Shoals:1 | 21301 ||| Stepping ~*~*~tactically~*~*~ (stealth).
 21384 | Shoals:1 | Noticed Mlioglotl
 21385 | Shoals:1 | 21385 ||| INVOKING Heroism.
 21386 | Shoals:1 | 21386 ||| INVOKING Finesse.
 21395 | Shoals:1 | Killed Mlioglotl
 21555 | Shoals:1 | You are sucked into a shaft and drop 1 floor!
 21556 | Shoals:2 | 21556 ||| INVOKING Heroism.
 21557 | Shoals:2 | 21557 ||| INVOKING Finesse.
 21796 | Shoals:1 | Noticed a titan
 21799 | Shoals:1 | Found the +3 giant club "Skullcrusher" {speed, Str+7}
 21813 | Shoals:1 | 21813 ||| INVOKING Heroism.
 21825 | Shoals:1 | Killed a titan
 21988 | Shoals:2 | 21988 ||| INVOKING Heroism.
 22230 | Shoals:2 | Received a gift from Okawaru
 22276 | Shoals:2 | 22276 ||| FLEEEEING.
 22277 | Shoals:2 | 22277 ||| FLEEEEING.
 22453 | Shoals:2 | 22453 ||| Stepping ~*~*~tactically~*~*~ (stealth).
 22463 | Shoals:2 | 22463 ||| INVOKING Heroism.
 22509 | Shoals:2 | 22509 ||| FLEEEEING.
 22510 | Shoals:2 | 22510 ||| FLEEEEING.
 22511 | Shoals:2 | 22511 ||| FLEEEEING.
 22512 | Shoals:2 | 22512 ||| FLEEEEING.
 22513 | Shoals:2 | 22513 ||| FLEEEEING.
 22514 | Shoals:2 | 22514 ||| FLEEEEING.
 22515 | Shoals:2 | 22515 ||| Stepping ~*~*~tactically~*~*~ (hiding).
 22544 | Shoals:2 | 22544 ||| Stepping ~*~*~tactically~*~*~ (stealth).
 22613 | Shoals:2 | 22613 ||| INVOKING Heroism.
 22614 | Shoals:2 | 22614 ||| INVOKING Finesse.
 22689 | Shoals:2 | Received a gift from Okawaru
 22710 | Shoals:2 | 22710 ||| INVOKING Heroism.
 22725 | Shoals:2 | Found a blossoming altar of Fedhas.
 22729 | Shoals:2 | Noticed a kraken
 22734 | Shoals:2 | 22734 ||| DROPPING +2 hat.
 22755 | Shoals:2 | Killed a kraken
 23052 | Shoals:3 | 23052 ||| INVOKING Heroism.
 23066 | Shoals:3 | Reached XP level 17. HP: 79/108 MP: 24/24
 23070 | Shoals:3 | 23070 ||| INVOKING Finesse.
 23147 | Shoals:3 | 23147 ||| INVOKING Heroism.
 23162 | Shoals:3 | 23162 ||| INVOKING Finesse.
 23274 | Shoals:3 | 23274 ||| Stepping ~*~*~tactically~*~*~ (hiding).
 23275 | Shoals:3 | 23275 ||| Stepping ~*~*~tactically~*~*~ (hiding).
 23276 | Shoals:3 | 23276 ||| Stepping ~*~*~tactically~*~*~ (hiding).
 23278 | Shoals:3 | 23278 ||| Stepping ~*~*~tactically~*~*~ (hiding).
 23286 | Shoals:3 | Reached skill level 18 in Axes
 23305 | Shoals:3 | 23305 ||| INVOKING Heroism.
 23377 | Shoals:3 | 23377 ||| INVOKING Heroism.
 23652 | Shoals:3 | Found Suquwont's Book Emporium.
 23706 | Shoals:3 | 23706 ||| Stepping ~*~*~tactically~*~*~ (stealth).
 23732 | Shoals:3 | 23732 ||| READING scroll of enchant armour.
 23732 | Shoals:3 | 23732 ||| ENCHANTING +1 pair of gloves.
 23764 | Shoals:3 | 23764 ||| Stepping ~*~*~tactically~*~*~ (hiding).
 23766 | Shoals:3 | 23766 ||| Stepping ~*~*~tactically~*~*~ (hiding).
 23779 | Shoals:3 | 23779 ||| INVOKING Heroism.
 24025 | Shoals:3 | 24025 ||| PLANNING SPIDER:1-3
 24105 | Spider:1 | Entered Level 1 of the Spider Nest
 24112 | Spider:1 | Received a gift from Okawaru
 24152 | Spider:1 | 24152 ||| DRINKING 10 potions of curing.
 24152 | Spider:1 | 24152 ||| (to cure confusion)
 24307 | Spider:1 | 24307 ||| Stepping ~*~*~tactically~*~*~ (stealth).
 24308 | Spider:1 | 24308 ||| Stepping ~*~*~tactically~*~*~ (stealth).
 24309 | Spider:1 | 24309 ||| Stepping ~*~*~tactically~*~*~ (stealth).
 24321 | Spider:1 | Reached skill level 14 in Shields
 24326 | Spider:1 | 24326 ||| FLEEEEING.
 24336 | Spider:1 | 24336 ||| FLEEEEING.
 24337 | Spider:1 | 24337 ||| FLEEEEING.
 24338 | Spider:1 | 24338 ||| FLEEEEING.
 24339 | Spider:1 | 24339 ||| FLEEEEING.
 24340 | Spider:1 | 24340 ||| FLEEEEING.
 24341 | Spider:1 | 24341 ||| FLEEEEING.
 24342 | Spider:1 | 24342 ||| FLEEEEING.
 24343 | Spider:1 | 24343 ||| FLEEEEING.
 24344 | Spider:1 | 24344 ||| FLEEEEING.
 24345 | Spider:1 | 24345 ||| FLEEEEING.
 24347 | Spider:1 | 24347 ||| FLEEEEING.
 24348 | Spider:1 | 24348 ||| FLEEEEING.
 24349 | Spider:1 | 24349 ||| Stepping ~*~*~tactically~*~*~ (stealth).
 24430 | Spider:1 | 24430 ||| Stepping ~*~*~tactically~*~*~ (stealth).
 24439 | Spider:1 | 24439 ||| INVOKING Heroism.
 24452 | Spider:1 | Reached skill level 6 in Dodging
 24509 | Spider:1 | 24509 ||| INVOKING Finesse.
 24701 | Spider:1 | 24701 ||| Stepping ~*~*~tactically~*~*~ (hiding).
 24828 | Spider:1 | Found a runed translucent door.
 24829 | Spider:1 | Noticed qw's ghost (adept GrFi)
 24870 | Spider:2 | 24870 ||| Stepping ~*~*~tactically~*~*~ (stealth).
 24872 | Spider:2 | 24872 ||| Stepping ~*~*~tactically~*~*~ (stealth).
 24874 | Spider:2 | 24874 ||| INVOKING Finesse.
 25029 | Spider:2 | 25029 ||| Stepping ~*~*~tactically~*~*~ (stealth).
 25030 | Spider:2 | 25030 ||| Stepping ~*~*~tactically~*~*~ (stealth).
 25032 | Spider:2 | 25032 ||| Stepping ~*~*~tactically~*~*~ (stealth).
 25039 | Spider:2 | Identified the +3 pair of gloves of the Hurricane {rC-
                  | Int+4} (Okawaru gifted it to you on level 2 of the Spider
                  | Nest)
 25039 | Spider:2 | Received a gift from Okawaru
 25044 | Spider:2 | 25044 ||| Stepping ~*~*~tactically~*~*~ (stealth).
 25082 | Spider:2 | 25082 ||| Stepping ~*~*~tactically~*~*~ (stealth).
 25105 | Spider:2 | 25105 ||| Stepping ~*~*~tactically~*~*~ (stealth).
 25106 | Spider:2 | 25106 ||| INVOKING Finesse.
 25138 | Spider:2 | 25138 ||| Stepping ~*~*~tactically~*~*~ (stealth).
 25139 | Spider:2 | 25139 ||| Stepping ~*~*~tactically~*~*~ (stealth).
 25140 | Spider:2 | 25140 ||| Stepping ~*~*~tactically~*~*~ (stealth).
 25156 | Spider:2 | 25156 ||| INVOKING Finesse.
 25157 | Spider:2 | 25157 ||| Stepping ~*~*~tactically~*~*~ (stealth).
 25305 | Spider:2 | 25305 ||| INVOKING Heroism.
 25320 | Spider:2 | HP: 27/111 [burnt (9)]
 25719 | Spider:2 | 25719 ||| Stepping ~*~*~tactically~*~*~ (hiding).
 25720 | Spider:2 | 25720 ||| Stepping ~*~*~tactically~*~*~ (hiding).
 25722 | Spider:2 | 25722 ||| Stepping ~*~*~tactically~*~*~ (hiding).
 25725 | Spider:2 | 25725 ||| INVOKING Finesse.
 25758 | Spider:2 | 25758 ||| Stepping ~*~*~tactically~*~*~ (hiding).
 25882 | Spider:2 | 25882 ||| UPGRADING to +3 pair of gloves of the Hurricane
                  | {rC- Int+4}.
 25892 | Spider:2 | 25892 ||| DROPPING ring of fire.
 25934 | Spider:3 | 25934 ||| STAIRDANCE
 26045 | Spider:3 | 26045 ||| STAIRDANCE
 26197 | Spider:3 | Identified the +4 battleaxe of Cuced {vamp, Int+3}
 26199 | Spider:3 | 26199 ||| Stepping ~*~*~tactically~*~*~ (hiding).
 26202 | Spider:3 | 26202 ||| Stepping ~*~*~tactically~*~*~ (hiding).
 26223 | Spider:3 | 26223 ||| READING scroll of enchant armour.
 26223 | Spider:3 | 26223 ||| ENCHANTING +0 helmet.
 26287 | Spider:3 | Reached XP level 18. HP: 117/117 MP: 25/25
 26289 | Spider:3 | 26289 ||| Stepping ~*~*~tactically~*~*~ (hiding).
 26291 | Spider:3 | 26291 ||| Stepping ~*~*~tactically~*~*~ (hiding).
 26310 | Spider:3 | 26310 ||| Stepping ~*~*~tactically~*~*~ (stealth).
 26331 | Spider:3 | 26331 ||| Stepping ~*~*~tactically~*~*~ (stealth).
 26334 | Spider:3 | 26334 ||| Stepping ~*~*~tactically~*~*~ (stealth).
 26344 | Spider:3 | 26344 ||| INVOKING Heroism.
 26734 | Spider:3 | 26734 ||| Stepping ~*~*~tactically~*~*~ (stealth).
 26736 | Spider:3 | 26736 ||| Stepping ~*~*~tactically~*~*~ (stealth).
 26738 | Spider:3 | 26738 ||| INVOKING Heroism.
 26742 | Spider:3 | 26742 ||| Stepping ~*~*~tactically~*~*~ (hiding).
 26805 | Spider:3 | 26805 ||| INVOKING Heroism.
 26967 | Spider:3 | 26967 ||| Stepping ~*~*~tactically~*~*~ (stealth).
 26987 | Spider:3 | Reached skill level 15 in Fighting
 27129 | Spider:3 | 27129 ||| INVOKING Heroism.
 27156 | Spider:3 | 27156 ||| Stepping ~*~*~tactically~*~*~ (hiding).
 27160 | Spider:3 | 27160 ||| Stepping ~*~*~tactically~*~*~ (hiding).
 27165 | Spider:3 | 27165 ||| INVOKING Heroism.
 27193 | Spider:3 | 27193 ||| Stepping ~*~*~tactically~*~*~ (stealth).
 27195 | Spider:3 | 27195 ||| INVOKING Heroism.
 27253 | Spider:3 | 27253 ||| PLANNING SHOALS:4
 27437 | Shoals:4 | Entered Level 4 of the Shoals
 27438 | Shoals:4 | 27438 ||| INVOKING Heroism.
 27476 | Shoals:4 | 27476 ||| INVOKING Heroism.
 27562 | Shoals:4 | 27562 ||| INVOKING Heroism.
 27700 | Shoals:4 | 27700 ||| Stepping ~*~*~tactically~*~*~ (hiding).
 27701 | Shoals:4 | 27701 ||| INVOKING Heroism.
 27708 | Shoals:4 | HP: 28/119 [merfolk impaler/+1 trident of distortion (16)]
 27709 | Shoals:4 | 27709 ||| READING 15 scrolls of teleportation.
 27710 | Shoals:4 | 27710 ||| DRINKING 4 potions of heal wounds.
 27793 | Shoals:4 | 27793 ||| FLEEEEING.
 27800 | Shoals:4 | 27800 ||| INVOKING Heroism.
 27814 | Shoals:4 | Reached skill level 15 in Armour
 27819 | Shoals:4 | HP: 29/119 [snapping turtle (11)]
 27820 | Shoals:4 | 27820 ||| READING 14 scrolls of teleportation.
 27821 | Shoals:4 | Received a gift from Okawaru
 27866 | Shoals:4 | 27866 ||| FLEEEEING.
 27867 | Shoals:4 | 27867 ||| FLEEEEING.
 27868 | Shoals:4 | 27868 ||| FLEEEEING.
 27869 | Shoals:4 | 27869 ||| FLEEEEING.
 27873 | Shoals:4 | 27873 ||| STAIRDANCE
 27908 | Shoals:3 | 27908 ||| UPGRADING to +2 pair of boots.
 27918 | Shoals:3 | 27918 ||| DROPPING +0 pair of boots.
 27963 | Shoals:4 | 27963 ||| INVOKING Heroism.
 27964 | Shoals:4 | Found Puffozyx's Assorted Antiques.
 27993 | Shoals:4 | 27993 ||| BUYING scroll of enchant weapon (232 gold).
 27993 | Shoals:4 | Bought a scroll of enchant weapon for 232 gold pieces
 27993 | Shoals:4 | 27993 ||| BUYING scroll of teleportation (93 gold).
 27993 | Shoals:4 | Bought a scroll of teleportation for 93 gold pieces
 27993 | Shoals:4 | 27993 ||| BUYING wooden wand (124 gold).
 27993 | Shoals:4 | Bought a wooden wand for 124 gold pieces
 28012 | Shoals:4 | 28012 ||| Stepping ~*~*~tactically~*~*~ (hiding).
 28014 | Shoals:4 | 28014 ||| Stepping ~*~*~tactically~*~*~ (hiding).
 28056 | Shoals:4 | Identified the ring "Pyofon" {Wiz rElec Int+6}
 28057 | Shoals:4 | 28057 ||| Stepping ~*~*~tactically~*~*~ (hiding).
 28059 | Shoals:4 | 28059 ||| Stepping ~*~*~tactically~*~*~ (hiding).
 28122 | Shoals:4 | 28122 ||| INVOKING Heroism.
 28214 | Shoals:4 | 28214 ||| INVOKING Heroism.
 28253 | Shoals:4 | Reached skill level 15 in Shields
 28298 | Shoals:4 | Got a barnacled rune of Zot
 28311 | Shoals:4 | 28311 ||| INVOKING Heroism.
 28332 | Shoals:4 | Found Souhext's Vocational Training.
 28685 | Shoals:4 | 28685 ||| INVOKING Heroism.
 28738 | Shoals:4 | Reached skill level 9 in Throwing
 28811 | Shoals:4 | 28811 ||| PLANNING VAULTS:1-4
 28811 | Shoals:4 | 28811 ||| DROPPING +0 pair of gloves of infusion.
 28812 | Shoals:4 | 28812 ||| DROPPING amulet of guardian spirit.
 28813 | Shoals:4 | 28813 ||| DROPPING wand of quicksilver (5).
 29066 | Vaults:1 | Entered Level 1 of the Vaults
 29069 | Vaults:1 | 29069 ||| STAIRDANCE
 29175 | Vaults:1 | 29175 ||| STAIRDANCE
 29398 | Vaults:1 | 29398 ||| STAIRDANCE
 29417 | Vaults:1 | 29417 ||| STAIRDANCE
 29439 | Vaults:1 | 29439 ||| Stepping ~*~*~tactically~*~*~ (stealth).
 29442 | Vaults:1 | 29442 ||| INVOKING Heroism.
 29453 | Vaults:1 | Received a gift from Okawaru
 29624 | Vaults:1 | Reached XP level 19. HP: 100/125 MP: 26/26
 29675 | Vaults:1 | 29675 ||| Stepping ~*~*~tactically~*~*~ (hiding).
 29680 | Vaults:1 | 29680 ||| Stepping ~*~*~tactically~*~*~ (hiding).
 29780 | Vaults:1 | Received a gift from Okawaru
 29839 | Vaults:1 | 29839 ||| Stepping ~*~*~tactically~*~*~ (hiding).
 29849 | Vaults:1 | 29849 ||| FLEEEEING.
 29850 | Vaults:1 | 29850 ||| FLEEEEING.
 29851 | Vaults:1 | 29851 ||| FLEEEEING.
 29852 | Vaults:1 | 29852 ||| FLEEEEING.
 29886 | Vaults:1 | 29886 ||| FLEEEEING.
 29891 | Vaults:1 | 29891 ||| FLEEEEING.
 29892 | Vaults:1 | 29892 ||| FLEEEEING.
 29893 | Vaults:1 | 29893 ||| FLEEEEING.
 29894 | Vaults:1 | 29894 ||| FLEEEEING.
 29895 | Vaults:1 | 29895 ||| FLEEEEING.
 29896 | Vaults:1 | 29896 ||| FLEEEEING.
 29897 | Vaults:1 | 29897 ||| FLEEEEING.
 29898 | Vaults:1 | 29898 ||| FLEEEEING.
 29899 | Vaults:1 | 29899 ||| FLEEEEING.
 29900 | Vaults:1 | 29900 ||| FLEEEEING.
 29901 | Vaults:1 | 29901 ||| FLEEEEING.
 29902 | Vaults:1 | 29902 ||| FLEEEEING.
 29903 | Vaults:1 | 29903 ||| FLEEEEING.
 29904 | Vaults:1 | 29904 ||| FLEEEEING.
 29905 | Vaults:1 | 29905 ||| FLEEEEING.
 29906 | Vaults:1 | 29906 ||| FLEEEEING.
 29907 | Vaults:1 | 29907 ||| FLEEEEING.
 29908 | Vaults:1 | 29908 ||| FLEEEEING.
 29909 | Vaults:1 | 29909 ||| FLEEEEING.
 29910 | Vaults:1 | 29910 ||| FLEEEEING.
 29911 | Vaults:1 | 29911 ||| FLEEEEING.
 29912 | Vaults:1 | 29912 ||| FLEEEEING.
 29913 | Vaults:1 | 29913 ||| FLEEEEING.
 29914 | Vaults:1 | 29914 ||| FLEEEEING.
 29915 | Vaults:1 | 29915 ||| FLEEEEING.
 29916 | Vaults:1 | 29916 ||| FLEEEEING.
 29917 | Vaults:1 | 29917 ||| FLEEEEING.
 29918 | Vaults:1 | 29918 ||| FLEEEEING.
 29919 | Vaults:1 | 29919 ||| FLEEEEING.
 29920 | Vaults:1 | 29920 ||| FLEEEEING.
 29921 | Vaults:1 | 29921 ||| FLEEEEING.
 29922 | Vaults:1 | 29922 ||| FLEEEEING.
 29923 | Vaults:1 | 29923 ||| FLEEEEING.
 29924 | Vaults:1 | 29924 ||| FLEEEEING.
 29925 | Vaults:1 | 29925 ||| FLEEEEING.
 29926 | Vaults:1 | 29926 ||| FLEEEEING.
 29927 | Vaults:1 | 29927 ||| FLEEEEING.
 29928 | Vaults:1 | 29928 ||| FLEEEEING.
 29941 | Vaults:1 | 29941 ||| FLEEEEING.
 29942 | Vaults:1 | 29942 ||| FLEEEEING.
 30052 | Vaults:1 | 30052 ||| Stepping ~*~*~tactically~*~*~ (hiding).
 30073 | Vaults:1 | 30073 ||| Stepping ~*~*~tactically~*~*~ (hiding).
 30076 | Vaults:1 | 30076 ||| Stepping ~*~*~tactically~*~*~ (hiding).
 30090 | Vaults:1 | Received a gift from Okawaru
 30233 | Vaults:1 | 30233 ||| Stepping ~*~*~tactically~*~*~ (stealth).
 30235 | Vaults:1 | 30235 ||| Stepping ~*~*~tactically~*~*~ (hiding).
 30788 | Vaults:1 | 30788 ||| Stepping ~*~*~tactically~*~*~ (hiding).
 30789 | Vaults:1 | 30789 ||| Stepping ~*~*~tactically~*~*~ (hiding).
 31010 | Vaults:2 | 31010 ||| Stepping ~*~*~tactically~*~*~ (hiding).
 31015 | Vaults:2 | Paralysed by a great orb of eyes for 3 turns
 31115 | Vaults:2 | 31115 ||| Stepping ~*~*~tactically~*~*~ (hiding).
 31117 | Vaults:2 | 31117 ||| Stepping ~*~*~tactically~*~*~ (hiding).
 31119 | Vaults:2 | 31119 ||| Stepping ~*~*~tactically~*~*~ (hiding).
 31120 | Vaults:2 | Paralysed by a great orb of eyes for 3 turns
 31298 | Vaults:2 | 31298 ||| Stepping ~*~*~tactically~*~*~ (hiding).
 31311 | Vaults:2 | 31311 ||| INVOKING Heroism.
 31312 | Vaults:2 | 31312 ||| INVOKING Finesse.
 31325 | Vaults:2 | 31325 ||| Stepping ~*~*~tactically~*~*~ (hiding).
 31345 | Vaults:2 | 31345 ||| Stepping ~*~*~tactically~*~*~ (hiding).
 31346 | Vaults:2 | Noticed Zenata
 31346 | Vaults:2 | 31346 ||| Stepping ~*~*~tactically~*~*~ (hiding).
 31357 | Vaults:2 | Received a gift from Okawaru
 31382 | Vaults:2 | Killed Zenata
 31383 | Vaults:2 | 31383 ||| Stepping ~*~*~tactically~*~*~ (hiding).
 31388 | Vaults:2 | 31388 ||| DRINKING 8 potions of cancellation.
 31720 | Vaults:2 | 31720 ||| Stepping ~*~*~tactically~*~*~ (hiding).
 31805 | Vaults:2 | 31805 ||| Stepping ~*~*~tactically~*~*~ (hiding).
 31848 | Vaults:2 | 31848 ||| Stepping ~*~*~tactically~*~*~ (hiding).
 31859 | Vaults:2 | Received a gift from Okawaru
 31892 | Vaults:2 | 31892 ||| Stepping ~*~*~tactically~*~*~ (hiding).
 31896 | Vaults:2 | 31896 ||| Stepping ~*~*~tactically~*~*~ (hiding).
 32087 | Vaults:2 | 32087 ||| DROPPING +5 ring mail of Protective Custody
                  | {rPois rF+ Int+6}.
 32151 | Vaults:3 | 32151 ||| INVOKING Heroism.
 32152 | Vaults:3 | 32152 ||| INVOKING Finesse.
 32158 | Vaults:3 | Reached skill level 16 in Shields
 32170 | Vaults:3 | 32170 ||| Stepping ~*~*~tactically~*~*~ (hiding).
 32305 | Vaults:3 | 32305 ||| Stepping ~*~*~tactically~*~*~ (hiding).
 32330 | Vaults:3 | 32330 ||| FLEEEEING.
 32341 | Vaults:3 | 32341 ||| FLEEEEING.
 32348 | Vaults:3 | 32348 ||| STAIRDANCE
 32491 | Vaults:3 | Reached XP level 20. HP: 134/134 MP: 27/27
 32513 | Vaults:3 | 32513 ||| FLEEEEING.
 32514 | Vaults:3 | 32514 ||| FLEEEEING.
 32515 | Vaults:3 | 32515 ||| FLEEEEING.
 32516 | Vaults:3 | 32516 ||| STAIRDANCE
 32629 | Vaults:3 | 32629 ||| STAIRDANCE
 32655 | Vaults:3 | Reached skill level 18 in Fighting
 32682 | Vaults:3 | Received a gift from Okawaru
 32723 | Vaults:3 | 32723 ||| Stepping ~*~*~tactically~*~*~ (hiding).
 32786 | Vaults:3 | 32786 ||| Stepping ~*~*~tactically~*~*~ (hiding).
 32787 | Vaults:3 | 32787 ||| Stepping ~*~*~tactically~*~*~ (hiding).
 32788 | Vaults:3 | 32788 ||| Stepping ~*~*~tactically~*~*~ (hiding).
 32789 | Vaults:3 | 32789 ||| Stepping ~*~*~tactically~*~*~ (hiding).
 32819 | Vaults:3 | Received a gift from Okawaru
 32850 | Vaults:3 | 32850 ||| FLEEEEING.
 32851 | Vaults:3 | 32851 ||| Stepping ~*~*~tactically~*~*~ (hiding).
 32852 | Vaults:3 | 32852 ||| FLEEEEING.
 32853 | Vaults:3 | 32853 ||| Stepping ~*~*~tactically~*~*~ (hiding).
 32863 | Vaults:3 | 32863 ||| INVOKING Heroism.
 33178 | Vaults:3 | 33178 ||| FLEEEEING.
 33182 | Vaults:3 | 33182 ||| FLEEEEING.
 33183 | Vaults:3 | 33183 ||| FLEEEEING.
 33184 | Vaults:3 | 33184 ||| FLEEEEING.
 33185 | Vaults:3 | 33185 ||| FLEEEEING.
 33186 | Vaults:3 | 33186 ||| FLEEEEING.
 33187 | Vaults:3 | 33187 ||| FLEEEEING.
 33191 | Vaults:3 | 33191 ||| FLEEEEING.
 33192 | Vaults:3 | 33192 ||| FLEEEEING.
 33193 | Vaults:3 | 33193 ||| FLEEEEING.
 33197 | Vaults:3 | 33197 ||| FLEEEEING.
 33198 | Vaults:3 | 33198 ||| FLEEEEING.
 33199 | Vaults:3 | 33199 ||| FLEEEEING.
 33200 | Vaults:3 | 33200 ||| FLEEEEING.
 33201 | Vaults:3 | 33201 ||| FLEEEEING.
 33206 | Vaults:3 | 33206 ||| FLEEEEING.
 33211 | Vaults:3 | 33211 ||| FLEEEEING.
 33218 | Vaults:3 | 33218 ||| STAIRDANCE
 33320 | Vaults:2 | 33320 ||| UPGRADING to +0 tower shield.
 33330 | Vaults:2 | 33330 ||| DROPPING +2 kite shield.
 33484 | Vaults:3 | Found Hudd's Assorted Antiques.
 33489 | Vaults:3 | 33489 ||| BUYING pair of embroidered gloves (202 gold).
 33489 | Vaults:3 | Bought a pair of embroidered gloves for 202 gold pieces
 33489 | Vaults:3 | 33489 ||| BUYING pair of embroidered gloves (202 gold).
 33489 | Vaults:3 | Bought a pair of embroidered gloves for 202 gold pieces
 33489 | Vaults:3 | 33489 ||| BUYING scroll of teleportation (81 gold).
 33489 | Vaults:3 | Bought a scroll of teleportation for 81 gold pieces
 33489 | Vaults:3 | 33489 ||| SHOPLISTING smelly ice dragon scales (1755 gold,
                  | have 532).
 33489 | Vaults:3 | 33489 ||| Stepping ~*~*~tactically~*~*~ (stealth).
 33493 | Vaults:3 | 33493 ||| Stepping ~*~*~tactically~*~*~ (stealth).
 33496 | Vaults:3 | 33496 ||| Stepping ~*~*~tactically~*~*~ (stealth).
 33499 | Vaults:3 | 33499 ||| Stepping ~*~*~tactically~*~*~ (stealth).
 33648 | Vaults:3 | Found a staircase to the Crypt.
 33651 | Vaults:3 | 33651 ||| FLEEEEING.
 33652 | Vaults:3 | 33652 ||| FLEEEEING.
 33653 | Vaults:3 | 33653 ||| FLEEEEING.
 33654 | Vaults:3 | 33654 ||| FLEEEEING.
 33655 | Vaults:3 | 33655 ||| FLEEEEING.
 33656 | Vaults:3 | 33656 ||| FLEEEEING.
 33657 | Vaults:3 | 33657 ||| FLEEEEING.
 33658 | Vaults:3 | 33658 ||| FLEEEEING.
 33659 | Vaults:3 | 33659 ||| FLEEEEING.
 33665 | Vaults:3 | 33665 ||| FLEEEEING.
 33666 | Vaults:3 | 33666 ||| FLEEEEING.
 33667 | Vaults:3 | 33667 ||| FLEEEEING.
 33668 | Vaults:3 | 33668 ||| FLEEEEING.
 33669 | Vaults:3 | 33669 ||| FLEEEEING.
 33670 | Vaults:3 | 33670 ||| FLEEEEING.
 33675 | Vaults:3 | 33675 ||| FLEEEEING.
 33676 | Vaults:3 | 33676 ||| FLEEEEING.
 33985 | Vaults:3 | 33985 ||| INVOKING Heroism.
 34487 | Vaults:3 | 34487 ||| DROPPING +1 pair of gloves of stealth.
 34488 | Vaults:3 | 34488 ||| DROPPING +0 pair of gloves of strength.
 34690 | Vaults:4 | 34690 ||| Stepping ~*~*~tactically~*~*~ (hiding).
 34696 | Vaults:4 | Received a gift from Okawaru
 34798 | Vaults:4 | Reached skill level 17 in Shields
 34850 | Vaults:4 | 34850 ||| Stepping ~*~*~tactically~*~*~ (hiding).
 34853 | Vaults:4 | 34853 ||| Stepping ~*~*~tactically~*~*~ (hiding).
 34948 | Vaults:4 | 34948 ||| INVOKING Heroism.
 34949 | Vaults:4 | 34949 ||| INVOKING Finesse.
 34993 | Vaults:4 | 34993 ||| INVOKING Finesse.
 35047 | Vaults:4 | 35047 ||| Stepping ~*~*~tactically~*~*~ (hiding).
 35049 | Vaults:4 | 35049 ||| Stepping ~*~*~tactically~*~*~ (hiding).
 35050 | Vaults:4 | 35050 ||| Stepping ~*~*~tactically~*~*~ (hiding).
 35051 | Vaults:4 | 35051 ||| Stepping ~*~*~tactically~*~*~ (hiding).
 35052 | Vaults:4 | 35052 ||| Stepping ~*~*~tactically~*~*~ (hiding).
 35412 | Vaults:4 | 35412 ||| Stepping ~*~*~tactically~*~*~ (hiding).
 35627 | Vaults:4 | Found Xocuggom's Assorted Antiques.
 35635 | Vaults:4 | 35635 ||| BUYING 2 potions of curing (162 gold).
 35635 | Vaults:4 | Bought 2 potions of curing for 162 gold pieces
 35635 | Vaults:4 | 35635 ||| BUYING glass ring (135 gold).
 35635 | Vaults:4 | Bought a glass ring for 135 gold pieces
 35635 | Vaults:4 | 35635 ||| BUYING potion of magic (216 gold).
 35635 | Vaults:4 | Bought a potion of magic for 216 gold pieces
 35674 | Vaults:4 | Paralysed by a sphinx for 3 turns
 35834 | Vaults:4 | Reached skill level 18 in Shields
 35908 | Vaults:4 | 35908 ||| PLANNING SPIDER:4
 35908 | Vaults:4 | 35908 ||| DROPPING ring of positive energy.
 35926 | Vaults:4 | Received a gift from Okawaru
 36291 | Spider:4 | Entered Level 4 of the Spider Nest
 36308 | Spider:4 | 36308 ||| INVOKING Finesse.
 36357 | Spider:4 | 36357 ||| Stepping ~*~*~tactically~*~*~ (stealth).
 36363 | Spider:4 | 36363 ||| Stepping ~*~*~tactically~*~*~ (stealth).
 36413 | Spider:4 | Received a gift from Okawaru
 36424 | Spider:4 | 36424 ||| INVOKING Finesse.
 36463 | Spider:4 | 36463 ||| Stepping ~*~*~tactically~*~*~ (stealth).
 36477 | Spider:4 | Received a gift from Okawaru
 36487 | Spider:4 | Reached XP level 21. HP: 137/141 MP: 1/28
 36502 | Spider:4 | Reached skill level 19 in Shields
 36517 | Spider:4 | 36517 ||| Stepping ~*~*~tactically~*~*~ (stealth).
 36519 | Spider:4 | 36519 ||| Stepping ~*~*~tactically~*~*~ (stealth).
 36615 | Spider:4 | 36615 ||| Stepping ~*~*~tactically~*~*~ (stealth).
 36636 | Spider:4 | 36636 ||| Stepping ~*~*~tactically~*~*~ (stealth).
 36663 | Spider:4 | 36663 ||| Stepping ~*~*~tactically~*~*~ (stealth).
 36893 | Spider:4 | Got a gossamer rune of Zot
 36961 | Spider:4 | 36961 ||| Stepping ~*~*~tactically~*~*~ (hiding).
 37005 | Spider:4 | 37005 ||| Stepping ~*~*~tactically~*~*~ (stealth).
 37024 | Spider:4 | 37024 ||| Stepping ~*~*~tactically~*~*~ (hiding).
 37047 | Spider:4 | 37047 ||| Stepping ~*~*~tactically~*~*~ (stealth).
 37058 | Spider:4 | 37058 ||| Stepping ~*~*~tactically~*~*~ (stealth).
 37061 | Spider:4 | 37061 ||| Stepping ~*~*~tactically~*~*~ (stealth).
 37065 | Spider:4 | 37065 ||| Stepping ~*~*~tactically~*~*~ (stealth).
 37066 | Spider:4 | 37066 ||| Stepping ~*~*~tactically~*~*~ (stealth).
 37077 | Spider:4 | 37077 ||| DROPPING scarf of harm.
 37081 | Spider:4 | 37081 ||| INVOKING Heroism.
 37144 | Spider:4 | 37144 ||| INVOKING Heroism.
 37231 | Spider:4 | 37231 ||| READING scroll of enchant armour.
 37231 | Spider:4 | 37231 ||| ENCHANTING +1 helmet.
 37256 | Spider:4 | Received a gift from Okawaru
 37272 | Spider:4 | 37272 ||| INVOKING Finesse.
 37445 | Spider:4 | 37445 ||| FLEEEEING.
 37446 | Spider:4 | 37446 ||| FLEEEEING.
 37447 | Spider:4 | 37447 ||| FLEEEEING.
 37449 | Spider:4 | 37449 ||| FLEEEEING.
 37450 | Spider:4 | 37450 ||| FLEEEEING.
 37452 | Spider:4 | 37452 ||| FLEEEEING.
 37453 | Spider:4 | 37453 ||| FLEEEEING.
 37454 | Spider:4 | 37454 ||| FLEEEEING.
 37479 | Spider:4 | Received a gift from Okawaru
 37480 | Spider:4 | Noticed Donald
 37483 | Spider:4 | 37483 ||| Stepping ~*~*~tactically~*~*~ (stealth).
 37499 | Spider:4 | Killed Donald
 37823 | Spider:4 | Reached skill level 20 in Shields
 37965 | Spider:4 | 37965 ||| PLANNING DEPTHS
 38250 | Depths:1 | Entered Level 1 of the Depths
 38251 | Depths:1 | 38251 ||| PLANNING WIZLAB
 38271 | Depths:1 | Found a hazy altar of Hepliaklqana.
 38294 | Depths:1 | 38294 ||| INVOKING Heroism.
 38295 | Depths:1 | 38295 ||| INVOKING Finesse.
 38360 | Depths:1 | Found Irhuotaz's Armour Shop.
 38373 | Depths:1 | Found Kag Qeq's Distillery.
 38375 | Depths:1 | 38375 ||| INVOKING Heroism.
 38376 | Depths:1 | 38376 ||| INVOKING Finesse.
 38417 | Depths:1 | 38417 ||| BUYING potion of curing (51 gold).
 38417 | Depths:1 | Bought a potion of curing for 51 gold pieces
 38417 | Depths:1 | 38417 ||| BUYING potion of heal wounds (85 gold).
 38417 | Depths:1 | Bought a potion of heal wounds for 85 gold pieces
 38417 | Depths:1 | 38417 ||| BUYING potion of heal wounds (85 gold).
 38417 | Depths:1 | Bought a potion of heal wounds for 85 gold pieces
 38417 | Depths:1 | 38417 ||| BUYING potion of might (68 gold).
 38417 | Depths:1 | Bought a potion of might for 68 gold pieces
 38417 | Depths:1 | 38417 ||| BUYING potion of might (68 gold).
 38417 | Depths:1 | Bought a potion of might for 68 gold pieces
 38442 | Depths:1 | 38442 ||| Stepping ~*~*~tactically~*~*~ (hiding).
 38489 | Depths:1 | 38489 ||| INVOKING Heroism.
 38490 | Depths:1 | 38490 ||| INVOKING Finesse.
 38492 | Depths:1 | Found Ciqexuybu's Magic Scroll Boutique.
 38497 | Depths:1 | Received a gift from Okawaru
 38508 | Depths:1 | 38508 ||| Stepping ~*~*~tactically~*~*~ (hiding).
 38509 | Depths:1 | 38509 ||| Stepping ~*~*~tactically~*~*~ (hiding).
 38551 | Depths:1 | 38551 ||| INVOKING Heroism.
 38611 | Depths:1 | 38611 ||| BUYING scroll of teleportation (39 gold).
 38611 | Depths:1 | Bought a scroll of teleportation for 39 gold pieces
 38622 | Depths:1 | Found Hemetocs's Book Shoppe.
 38628 | Depths:1 | Found Moemaveb's Jewellery Emporium.
 38634 | Depths:1 | Found a magical portal.
 38639 | Depths:1 | 38639 ||| SHOPLISTING amulet of Pumy {Faith rC++ rN+ Int-3}
                  | (936 gold, have 15).
 38639 | Depths:1 | 38639 ||| SHOPLISTING amulet of faith (600 gold, have 15).
 38639 | Depths:1 | 38639 ||| SHOPLISTING amulet of reflection (450 gold, have
                  | 15).
 38639 | Depths:1 | 38639 ||| SHOPLISTING ring of protection from fire (375
                  | gold, have 15).
 38639 | Depths:1 | 38639 ||| SHOPLISTING ring of resist corrosion (300 gold,
                  | have 15).
 38652 | WizLab   | Entered Doroklohe's Tomb
 38846 | Depths:1 | 38846 ||| PLANNING DEPTHS
 38912 | Depths:1 | 38912 ||| Stepping ~*~*~tactically~*~*~ (hiding).
 38913 | Depths:1 | 38913 ||| Stepping ~*~*~tactically~*~*~ (hiding).
 39087 | Depths:1 | Found a gateway to Hell.
 39215 | Depths:1 | 39215 ||| Stepping ~*~*~tactically~*~*~ (hiding).
 39223 | Depths:1 | Reached skill level 18 in Armour
 39411 | Depths:2 | 39411 ||| Stepping ~*~*~tactically~*~*~ (hiding).
 39549 | Depths:2 | 39549 ||| Stepping ~*~*~tactically~*~*~ (hiding).
 39592 | Depths:2 | 39592 ||| INVOKING Heroism.
 39593 | Depths:2 | 39593 ||| INVOKING Finesse.
 39644 | Depths:2 | 39644 ||| INVOKING Heroism.
 39667 | Depths:2 | Identified the +3 long sword of Pati Xoz {speed, Will+
                  | Str+3}
 39790 | Depths:2 | Found a one-way gate leading to the halls of Pandemonium.
 39842 | Depths:2 | Identified the +0 scale mail "Odoxidie" {Int+3}
 39877 | Depths:2 | 39877 ||| Stepping ~*~*~tactically~*~*~ (stealth).
 39888 | Depths:2 | 39888 ||| Stepping ~*~*~tactically~*~*~ (hiding).
 39940 | Depths:2 | 39940 ||| INVOKING Finesse.
 40028 | Depths:2 | Identified the +2 hat of the Jackalope {Str+5}
 40037 | Depths:2 | Found a radiant altar of Vehumet.
 40038 | Depths:2 | 40038 ||| INVOKING Heroism.
 40068 | Depths:2 | Identified the +1 robe "Jachefui" {Fly rCorr Str-5 Int+2}
 40147 | Depths:2 | Found Rovycwuf's Jewellery Boutique.
 40147 | Depths:2 | Found Pofaurimm's Book Emporium.
 40148 | Depths:2 | Found Gukh's Jewellery Boutique.
 40154 | Depths:2 | 40154 ||| SHOPLISTING +4 ring of protection (792 gold, have
                  | 272).
 40154 | Depths:2 | 40154 ||| SHOPLISTING amulet of Yendor {Regen+ rCorr} (937
                  | gold, have 272).
 40154 | Depths:2 | 40154 ||| SHOPLISTING amulet of faith (880 gold, have 272).
 40154 | Depths:2 | 40154 ||| SHOPLISTING ring "Takyfu Tuyp" {rF- AC+4 Int+3
                  | Dex+4 SInv} (1207 gold, have 272).
 40154 | Depths:2 | 40154 ||| SHOPLISTING ring of resist corrosion (440 gold,
                  | have 272).
 40158 | Depths:2 | 40158 ||| SHOPLISTING +6 ring of strength (504 gold, have
                  | 272).
 40158 | Depths:2 | 40158 ||| SHOPLISTING ring of Light {rElec rF++ EV+5 Dex-2
                  | SInv} (945 gold, have 272).
 40158 | Depths:2 | 40158 ||| SHOPLISTING ring of resist corrosion (280 gold,
                  | have 272).
 40250 | Depths:2 | 40250 ||| DRINKING 3 potions of resistance.
 40251 | Depths:2 | 40251 ||| INVOKING Heroism.
 40254 | Depths:2 | HP: 26/144 [hell hog/fireball (12)]
 40255 | Depths:2 | 40255 ||| READING 22 scrolls of teleportation.
 40256 | Depths:2 | 40256 ||| DRINKING 9 potions of heal wounds.
 40380 | Depths:2 | 40380 ||| DRINKING 2 potions of resistance.
 40390 | Depths:2 | 40390 ||| Stepping ~*~*~tactically~*~*~ (hiding).
 40396 | Depths:2 | 40396 ||| Stepping ~*~*~tactically~*~*~ (hiding).
 40398 | Depths:2 | 40398 ||| Stepping ~*~*~tactically~*~*~ (hiding).
 40402 | Depths:2 | 40402 ||| Stepping ~*~*~tactically~*~*~ (hiding).
 40405 | Depths:2 | 40405 ||| INVOKING Heroism.
 40407 | Depths:2 | HP: 19/144 [hellephant/blast of flame (71)]
 40408 | Depths:2 | 40408 ||| READING 21 scrolls of teleportation.
 40408 | Depths:2 | HP: 6/144 [hellephant/blast of flame (15)]
 40409 | Depths:2 | 40409 ||| DRINKING 8 potions of heal wounds.
 40410 | Depths:2 | 40410 ||| DRINKING 7 potions of heal wounds.
 40524 | Depths:2 | 40524 ||| Stepping ~*~*~tactically~*~*~ (stealth).
 40525 | Depths:2 | 40525 ||| Stepping ~*~*~tactically~*~*~ (stealth).
 40545 | Depths:2 | 40545 ||| INVOKING Heroism.
 40576 | Depths:2 | 40576 ||| Stepping ~*~*~tactically~*~*~ (hiding).
 40578 | Depths:2 | 40578 ||| Stepping ~*~*~tactically~*~*~ (hiding).
 40579 | Depths:2 | 40579 ||| DRINKING potion of resistance.
 40586 | Depths:2 | 40586 ||| Stepping ~*~*~tactically~*~*~ (hiding).
 40587 | Depths:2 | 40587 ||| Stepping ~*~*~tactically~*~*~ (hiding).
 40599 | Depths:2 | 40599 ||| INVOKING Heroism.
 40604 | Depths:2 | HP: 24/144 [hellephant/blast of flame (16)]
 40604 | Depths:2 | Killed from afar by a hellephant

Levels and vault maps discovered:
D:1:      dpeg_arrival_long_road, layout_basic, serial_curves, eino_curves_01,
          eino_curves_02, dreamdust_ecumenical_altar_hidden_monk_grotto
D:2:      layout_basic
D:3:      layout_loops_ring, minmay_misc_feat_tiny, uniq_crazy_yiuf_cottage
D:4:      old_forge, layout_basic, minmay_temple_entry_hall
D:5:      corexii_shantytown, layout_rooms, gammafunk_temple_overflow_statue,
          nicolae_gozag_cash_rules_everything_around_me,
          gammafunk_temple_overflow_forgotten, chequers_mini_garden,
          minmay_misc_feat_four_crosses
D:6:      layout_loops_ring, serial_shops, shop
D:7:      layout_basic, kennysheep_mini, minmay_manual_monstrance, uniq_menkaure
D:8:      layout_basic, grunt_temple_overflow_growth_and_decay,
          nicolae_ossuary_entry_plus, grunt_ministairs_10, uniq_grum, uniq_pikel
D:9:      layout_basic
D:10:     layout_grid_maze, zin_statuary, mainiacjoe_overflow_swirl, uniq_erica,
          uniq_snorg
D:11:     layout_loops_corners, david_lair_generic, orc_0_dummy,
          ebering_ghost_rock_garden
D:12:     layout_cave_pools, uniq_psyche
D:13:     minmay_spotlight, layout_loops_ring, nrook_guardian_serpent_ordinary
D:14:     layout_basic, lightli_vaults_fourway_checkpoint, kennysheep_path_1,
          serial_rivers, chequers_serial_rivers_small_3,
          chequers_serial_rivers_large_b, chequers_serial_rivers_small_a,
          chequers_serial_rivers_micro_c, chequers_serial_rivers_small_3,
          chequers_serial_rivers_large_a, kennysheep_nub, uniq_agnes
D:15:     grunt_enter_depths_giant_problem, layout_basic, dk_noncrumbling_4,
          dreamdust_wishing_well
Temple:   compressed_dpeg_circular_temple
Lair:1:   wander_river, layout_cave_shapes, infiniplex_staircase_pool
Lair:2:   layout_regular_city, nicolae_shoals_entry_roost
Lair:3:   layout_hall_layers, hellmonk_spider_entry_not_the_bees,
          nicolae_lair_run_with_the_wolves
Lair:4:   layout_regular_city, slime_entry_1, beast_lair_carwin_8
Lair:5:   hellmonk_lair_end_abyssal_woods, layout_gridlike,
          portal_ice_cave_entry_animals_and_master, grunt_megastairs_5
Shoals:1: cheibrodos_shoals_gigantism, layout_shoals,
          nicolae_shoals_dead_sea_scrolls, uniq_mlioglotl
Shoals:2: cheibrodos_shoals_three_sisters, layout_shoals,
          wheals_shoals_ruined_temple
Shoals:3: layout_shoals, serial_shops, nicolae_shop_tiny_waterfront
Shoals:4: shoals_end_simple, layout_shoals, serial_shops, shop,
          nicolae_shop_vocational
Spider:1: layout_spider_delve, ebering_ghost_inner_flame
Spider:2: layout_spider_delve, nicolae_spider_cling_halls
Spider:3: layout_spider_delve
Spider:4: hellmonk_spider_rune_bug_friends, nicolae_spider_world_wide_web,
          uniq_donald
Orc:1:    minmay_goldmine, layout_diamond_mine, serial_shops, shop,
          statue_in_the_mist_lemuel, uniq_jorgrun, uniq_erolcha
Orc:2:    st_orc_open, layout_caves, serial_shops, shop, basic_altar, uniq_urug,
          uniq_azrael, uniq_sonja
Vaults:1: v_misc_8, vaults_dpeg_encased_lava, vaults_dpeg_spiral,
          nicolae_vaults_closet_pinwheel_3, v_misc_5, nicolae_vaults_turnstiles,
          ontoclasm_vaults_misaligned, nicolae_vaults_heist, v_misc_24,
          v_misc_12, nicolae_vaults_tetromino_L_1, vaults_room_semicircle,
          nicolae_vaults_double_plus_1, layout_vaults_big_room
Vaults:2: nicolae_vaults_stepped_doors, hangedman_vaults_nails, st_lines,
          hangedman_vaults_pinch, nicolae_vaults_octothorpe,
          nicolae_vaults_specimen_jars, v_alt_pattern_1,
          nicolae_vaults_tetromino_T_1, nicolae_vaults_house_1,
          grunt_vaults_diagonal, nicolae_vaults_little_squares_1,
          nicolae_vaults_tetromino_Z_1, ontoclasm_vaults_decontamination,
          layout_vaults_ring, uniq_zenata
Vaults:3: v_misc_26, grunt_vaults_trifunnel, vaults_dpeg_emergency_exit,
          hangedman_vaults_slice, st_spiral_rooms, v_misc_4,
          nicolae_vaults_asterisk, blue_anna_dwarven_crypt,
          nicolae_vaults_diamond_2, ontoclasm_vaults_ring_square,
          nicolae_vaults_two_Ls, nicolae_vaults_asterisk, vaults_room_door_ring,
          nicolae_vaults_cornered_office, layout_vaults_maze, serial_shops,
          nicolae_shop_hallway_plus
Vaults:4: hangedman_vaults_cutoff, nicolae_vaults_trapezoid_layered,
          st_more_cells, nicolae_vaults_tetromino_Z_1,
          nicolae_vaults_trapezoid_lopsided_3, nicolae_vaults_prndl,
          nicolae_vaults_variable_pillar_hall, v_misc_17,
          layout_vaults_omnigrid, serial_shops, shop
Depths:1: layout_big_octagon, serial_shops, nicolae_shop_hallway_plus,
          nicolae_shop_behind_doors, nicolae_inconvenience_store, shop,
          nicolae_shop_pleasant_corner_grove, grunt_hell_entry_dis_grunt,
          abyss_entry_small_statue_room, infiniplex_enter_wizlab_glasses,
          minmay_door_square, kennysheep_another_room,
          nicolae_hepliaklqana_hazy_memory
Depths:2: minmay_inner_zag, layout_basic, grunt_hell_horde, pan_entry,
          grunt_tower_of_power, minmay_shop_grove, serial_bayou_shore_a

Skill      XL: |  1  2  3  4  5  6  7  8  9 10 11 12 13 14 15 16 17 18 19 20 21 |
---------------+----------------------------------------------------------------+-----
Axes           | 2 3 4 5 6 7 9 11 12 13 14 16 17 18 | 18.0
Throwing       | 1 2 3 4 6 7 8 9 10 | 10.0
Fighting       | 4 5 6 7 8 9 10 11 12 13 14 16 17 18 19 | 19.0
Dodging        | 1 2 3 4 5 6 7 8 |  8.4
Invocations    | 4 7 10 | 10.0
Armour         | 6 7 8 9 10 11 12 13 14 15 17 18 | 18.0
Shields        | 4 5 6 7 8 11 13 14 15 16 18 20 | 20.0

Action                     |  1- 3 |  4- 6 |  7- 9 | 10-12 | 13-15 | 16-18 | 19-21 || total
---------------------------+-------+-------+-------+-------+-------+-------+-------++-------
  Melee: War axe           |    52 |    19 |       |       |       |       |       ||    71
         Broad axe         |       |    52 |   176 |   351 |   681 |  1173 |  1327 ||  3760
         Morningstar       |       |       |       |       |    15 |       |       ||    15
  Throw: Boomerang         |    13 |    35 |    57 |    25 |   110 |    18 |    16 ||   274
         Javelin           |       |       |     8 |    84 |   132 |   118 |   175 ||   517
 Invoke: Heroism           |       |       |     5 |    19 |    26 |    34 |    18 ||   102
         Finesse           |       |       |       |       |     8 |    12 |    12 ||    32
    Use: Scroll            |     4 |     6 |     7 |     9 |     6 |     4 |     3 ||    39
         Potion            |     1 |     1 |     3 |     7 |     1 |     2 |     7 ||    22
 Armour: Scale mail        |    25 |    24 |     7 |       |       |       |       ||    56
         Chain mail        |       |       |    40 |       |       |       |       ||    40
         Plate armour      |       |       |    22 |   281 |   364 |   463 |   470 ||  1600
  Dodge: Dodged            |    18 |    46 |   115 |   319 |   369 |   582 |   437 ||  1886
  Block: Buckler           |     3 |    11 |    40 |   106 |   128 |       |       ||   288
         Kite shield       |       |       |       |       |    86 |   881 |   265 ||  1232
         Tower shield      |       |       |       |       |       |       |   569 ||   569

Table legend:
 A = Non-vault XP
 B = Vault XP
 C = Vault XP percentage of total XP
 D = Non-vault monster count
 E = Vault monster count
 F = Vault count percentage of total count
                 A         B        C        D         E       F
            +---------+---------+-------+---------+---------+-------
      Total |  361646 |  208952 |  36.6 |     935 |     443 |  32.1
            +---------+---------+-------+---------+---------+-------
        D:1 |      24 |       0 |   0.0 |      15 |       0 |   0.0
        D:2 |      93 |       0 |   0.0 |      29 |       0 |   0.0
        D:3 |      16 |       0 |   0.0 |      10 |       0 |   0.0
        D:4 |     544 |     410 |  43.0 |      28 |       8 |  22.2
        D:5 |     430 |     104 |  19.5 |      12 |      28 |  70.0
        D:6 |    1332 |       0 |   0.0 |      27 |       0 |   0.0
        D:7 |    1233 |     438 |  26.2 |      14 |       3 |  17.6
        D:8 |     884 |    1231 |  58.2 |      10 |      13 |  56.5
        D:9 |    2075 |       0 |   0.0 |      14 |       0 |   0.0
       D:10 |    1621 |    1795 |  52.5 |      18 |       2 |  10.0
       D:11 |    3813 |    1020 |  21.1 |      17 |       4 |  19.0
       D:12 |    4038 |     379 |   8.6 |      11 |       1 |   8.3
       D:13 |    5604 |    3805 |  40.4 |      11 |       7 |  38.9
       D:14 |    6991 |   11834 |  62.9 |      15 |      17 |  53.1
       D:15 |   10125 |    1053 |   9.4 |      20 |       1 |   4.8
     Lair:1 |    3486 |       0 |   0.0 |      16 |       0 |   0.0
     Lair:2 |    3651 |    1791 |  32.9 |      15 |       3 |  16.7
     Lair:3 |    6222 |    2601 |  29.5 |      26 |      19 |  42.2
     Lair:4 |    6708 |    1992 |  22.9 |      19 |       7 |  26.9
     Lair:5 |   18990 |   13305 |  41.2 |      53 |      51 |  49.0
   Shoals:1 |    9859 |    5069 |  34.0 |      20 |       5 |  20.0
   Shoals:2 |   11494 |   11968 |  51.0 |      27 |      16 |  37.2
   Shoals:3 |   26123 |       0 |   0.0 |      50 |       0 |   0.0
   Shoals:4 |   15400 |   22089 |  58.9 |      33 |      39 |  54.2
   Spider:1 |   19249 |       0 |   0.0 |      60 |       0 |   0.0
   Spider:2 |   17534 |       0 |   0.0 |      44 |       0 |   0.0
   Spider:3 |   15395 |       0 |   0.0 |      34 |       0 |   0.0
   Spider:4 |   16164 |   27641 |  63.1 |      36 |      44 |  55.0
      Orc:1 |    1780 |    2979 |  62.6 |      21 |      13 |  38.2
      Orc:2 |    2059 |   17651 |  89.6 |      16 |      47 |  74.6
   Vaults:1 |   31542 |   11175 |  26.2 |      42 |      14 |  25.0
   Vaults:2 |   23844 |   19602 |  45.1 |      37 |      24 |  39.3
   Vaults:3 |   31655 |   25127 |  44.3 |      49 |      34 |  41.0
   Vaults:4 |   28253 |    6811 |  19.4 |      43 |       7 |  14.0
   Depths:1 |   16168 |     760 |   4.5 |      19 |       1 |   5.0
   Depths:2 |   17247 |   15239 |  46.9 |      24 |      19 |  44.2
    Ossuary |       0 |     896 | 100.0 |       0 |      15 | 100.0
     WizLab |       0 |     187 | 100.0 |       0 |       1 | 100.0
            +---------+---------+-------+---------+---------+-------
